Workbook

Sheet Long-Term Debt Mng RR
A1: TRANSMISSION LONG-TERM RATE FORECAST - Revenue Requirement
B2: Received: | C2: n/a | K2: Return to Index
B3: Updated: | C3: n/a | E3: INSTRUCTIONS:
B4: Origination Date: | E4: Input data in thousands
A5: Source: | E5: FS fill in | G5: cells
A6: Scenario: | E6: Link to Separate Model | G6: cells
A7: Analysis By: | C7: Stephanie Adams | E7: Auto-Calculate | G7: cells
A8: QC By:
A9: Reserves for Rate Relief | C9: $40 Million in FY 2014-15/Even Distribution
A10: Capitalization Adj. | C10: -18968 | E10: Scenario Notes:
B11: AC Intertie Rev: | C11: -6853
A12: Capitalized Bond Premium | C12: 561
A13: Timeperiod - Start: | C13: 2014
A14: End: | C14: 2023
A16: SUMMARY DATA | D16: NEAR-TERM SUMMARY DATA
D17: =C13 -> 2014 | E17: =D17+1 -> 2015 | F17: =E17+1 -> 2016 | G17: =F17+1 -> 2017 | H17: =G17+1 -> 2018 | I17: =H17+1 -> 2019 | J17: =I17+1 -> 2020 | K17: =J17+1 -> 2021 | L17: =K17+1 -> 2022 | ... AH17: =AG17+1 -> 2044
A18: REPAYMENT STUDY OUTPUT
B19: NON-FEDERAL INTEREST | D19: ='Repayment Inputs'!#REF!-'Repayment Inputs'!#REF!-'Repayment Inputs'!#REF! -> #REF! | E19: ='Repayment Inputs'!#REF!-'Repayment Inputs'!#REF!-'Repayment Inputs'!#REF! -> #REF! | F19: ='Repayment Inputs'!C26-'Repayment Inputs'!C22-'Repayment Inputs'!C23 -> 86734.041 | G19: ='Repayment Inputs'!D26-'Repayment Inputs'!D22-'Repayment Inputs'!D23 -> 98491.108 | H19: ='Repayment Inputs'!#REF!-'Repayment Inputs'!#REF!-'Repayment Inputs'!#REF! -> #REF! | I19: ='Repayment Inputs'!#REF!-'Repayment Inputs'!#REF!-'Repayment Inputs'!#REF! -> #REF! | J19: ='Repayment Inputs'!#REF!-'Repayment Inputs'!#REF!-'Repayment Inputs'!#REF! -> #REF! | K19: ='Repayment Inputs'!#REF!-'Repayment Inputs'!#REF!-'Repayment Inputs'!#REF! -> #REF! | L19: ='Repayment Inputs'!#REF!-'Repayment Inputs'!#REF!-'Repayment Inputs'!#REF! -> #REF! | M19: ='Repayment Inputs'!#REF!-'Repayment Inputs'!#REF!-'Repayment Inputs'!#REF! -> #REF! | N19: ='Repayment Inputs'!#REF!-'Repayment Inputs'!#REF!-'Repayment Inputs'!#REF! -> #REF! | O19: ='Repayment Inputs'!#REF!-'Repayment Inputs'!#REF!-'Repayment Inputs'!#REF! -> #REF! | ... AH19: ='Repayment Inputs'!#REF!-'Repayment Inputs'!#REF!-'Repayment Inputs'!#REF! -> #REF!
B20: NON-FEDERAL PRINCIPLE | D20: ='Repayment Inputs'!#REF! -> #REF! | E20: ='Repayment Inputs'!#REF! -> #REF! | F20: ='Repayment Inputs'!C45 -> 193377.22 | G20: ='Repayment Inputs'!D45 -> 17303.521 | H20: ='Repayment Inputs'!#REF! -> #REF! | I20: ='Repayment Inputs'!#REF! -> #REF! | J20: ='Repayment Inputs'!#REF! -> #REF! | K20: ='Repayment Inputs'!#REF! -> #REF! | L20: ='Repayment Inputs'!#REF! -> #REF! | M20: ='Repayment Inputs'!#REF! -> #REF! | N20: ='Repayment Inputs'!#REF! -> #REF! | O20: ='Repayment Inputs'!#REF! -> #REF! | ... AH20: ='Repayment Inputs'!#REF! -> #REF!
B21: FEDERAL INTEREST (EXCLUDING INTEREST INCOME) | D21: ='Repayment Inputs'!#REF!-'Repayment Inputs'!#REF! -> #REF! | E21: ='Repayment Inputs'!#REF!-'Repayment Inputs'!#REF! -> #REF! | F21: ='Repayment Inputs'!C14-'Repayment Inputs'!C11 -> 102211.31 | G21: ='Repayment Inputs'!D14-'Repayment Inputs'!D11 -> 106752.37 | H21: ='Repayment Inputs'!#REF!-'Repayment Inputs'!#REF! -> #REF! | I21: ='Repayment Inputs'!#REF!-'Repayment Inputs'!#REF! -> #REF! | J21: ='Repayment Inputs'!#REF!-'Repayment Inputs'!#REF! -> #REF! | K21: ='Repayment Inputs'!#REF!-'Repayment Inputs'!#REF! -> #REF! | L21: ='Repayment Inputs'!#REF!-'Repayment Inputs'!#REF! -> #REF! | M21: ='Repayment Inputs'!#REF!-'Repayment Inputs'!#REF! -> #REF! | N21: ='Repayment Inputs'!#REF!-'Repayment Inputs'!#REF! -> #REF! | O21: ='Repayment Inputs'!#REF!-'Repayment Inputs'!#REF! -> #REF! | ... AH21: ='Repayment Inputs'!#REF!-'Repayment Inputs'!#REF! -> #REF!
B22: FEDERAL PRINCIPLE (NO DISCOUNTS/PREMIUMS) | D22: ='Repayment Inputs'!#REF! -> #REF! | E22: ='Repayment Inputs'!#REF! -> #REF! | F22: ='Repayment Inputs'!C33 -> 47905.794 | G22: ='Repayment Inputs'!D33 -> 235015.81 | H22: ='Repayment Inputs'!#REF! -> #REF! | I22: ='Repayment Inputs'!#REF! -> #REF! | J22: ='Repayment Inputs'!#REF! -> #REF! | K22: ='Repayment Inputs'!#REF! -> #REF! | L22: ='Repayment Inputs'!#REF! -> #REF! | M22: ='Repayment Inputs'!#REF! -> #REF! | N22: ='Repayment Inputs'!#REF! -> #REF! | O22: ='Repayment Inputs'!#REF! -> #REF! | ... AH22: ='Repayment Inputs'!#REF! -> #REF!
A24: REVENUE REQUIREMENT
B25: DEPRECIATION & AMORTIZATION
B26: NON-FEDERAL INTEREST | D26: =D20+D21+D22+#REF!+D23+#REF!+D25 -> #REF! | E26: =E20+E21+E22+E23+E24+#REF!+E25 -> #REF! | F26: =F20+F21+F22+F23+F24+#REF!+F25 -> #REF! | G26: =G20+G21+G22+G23+G24+#REF!+G25 -> #REF! | H26: =H20+H21+H22+H23+H24+#REF!+H25 -> #REF! | I26: =I20+I21+I22+I23+I24+#REF!+I25 -> #REF! | J26: =J20+J21+J22+J23+J24+#REF!+J25 -> #REF! | K26: =K20+K21+K22+K23+K24+#REF!+K25 -> #REF! | L26: =L20+L21+L22+L23+L24+#REF!+L25 -> #REF! | M26: =M20+M21+M22+M23+M24+#REF!+M25 -> #REF!
B27: FEDERAL NET INTEREST 1/
B28: MRNR
A30: 2 YEAR AVERAGE REVENUE REQUIREMENT | D30: 14/15 | E30: 16/17 | F30: 18/19 | G30: 20/21 | H30: 22/23 | I30: 24/25 | J30: 26/27 | K30: 28/29 | L30: 30/31 | M30: 32/33 | N30: 34/35 | O30: 36/37 | P30: 38/39 | Q30: 40/41 | R30: 42/43
B32: CASH FLOW GENERATED
B33: CASH FLOW
B35: CASH FROM CURRENT OPERATIONS
B36: DRAWDOWN OF CASH RESERVES FOR CAPITAL FUNDING
B37: CAPITAL INVESTMENTS
B38: CASH FROM BORROWING
B39: INCREASE IN LONG TERM DEBT
B41: NON-CASH REVENUES
B42: LGIA CREDITS
B43: COI CREDITS
B44: TRANSMISSION CREDIT PROJECTS NET INTEREST
B46: 1/ INTEREST COMPONENTS
... B51: LGIA INTEREST

Sheet Crosswalk
C1: A | D1: B | F1: C | G1: D | I1: E | J1: F | L1: G | M1: H | O1: I | P1: J | R1: K | S1: L | U1: M | V1: N
C2: Change from BP-14 to FY 16/17 | F2: Change from FY 16/17 to FY 18/19 | I2: Change from FY 18/19 to FY 20/21 | L2: Change from FY 20/21 to FY 22/23 | O2: Change from FY 22/23 to FY 24/25 | R2: Change from FY 24/25 to FY 26/27 | U2: Change from FY 26/27 to FY 28/29
B5: Expenses | C5: $ (Million) | D5: % Change in Rates | F5: $ (Million) | G5: % Change in Rates | I5: $ (Million) | J5: % Change in Rates | L5: $ (Million) | M5: % Change in Rates | O5: $ (Million) | P5: % Change in Rates | R5: $ (Million) | S5: % Change in Rates | U5: $ (Million) | V5: % Change in Rates
A8: 1 | B8: Operations | C8: =(M35-I35)/1000 -> 15.499958 | D8: =(C8/C20)*D20 -> 0.010735193 | F8: =(O35-M35)/1000 -> #REF! | G8: =(F8/F20)*G20 -> #REF! | I8: =(P35-O35)/1000 -> #REF! | J8: =(I8/I20)*J20 -> #REF! | L8: =(R35-P35)/1000 -> #REF! | M8: =(L8/L20)*M20 -> #REF! | O8: =(S35-R35)/1000 -> #REF! | P8: =(O8/O20)*P20 -> #REF! | R8: =(U35-S35)/1000 -> #REF! | S8: =(R8/R20)*S20 -> #REF! | U8: =(V35-U35)/1000 -> #REF! | V8: =(U8/U20)*V20 -> #REF!
A9: 2 | B9: Maintenance | C9: =(M37-I37)/1000 -> 7.3484065 | D9: =(C9/C20)*D20 -> 0.0050894693 | F9: =(O37-M37)/1000 -> #REF! | G9: =(F9/F20)*G20 -> #REF! | I9: =(P37-O37)/1000 -> #REF! | J9: =(I9/I20)*J20 -> #REF! | L9: =(R37-P37)/1000 -> #REF! | M9: =(L9/L20)*M20 -> #REF! | O9: =(S37-R37)/1000 -> #REF! | P9: =(O9/O20)*P20 -> #REF! | R9: =(U37-S37)/1000 -> #REF! | S9: =(R9/R20)*S20 -> #REF! | U9: =(V37-U37)/1000 -> #REF! | V9: =(U9/U20)*V20 -> #REF!
A10: 3 | B10: Engineering | C10: =(M36-I36)/1000 -> 7.2429975 | D10: =(C10/C20)*D20 -> 0.0050164636 | F10: =(O36-M36)/1000 -> #REF! | G10: =(F10/F20)*G20 -> #REF! | I10: =(P36-O36)/1000 -> #REF! | J10: =(I10/I20)*J20 -> #REF! | L10: =(R36-P36)/1000 -> #REF! | M10: =(L10/L20)*M20 -> #REF! | O10: =(S36-R36)/1000 -> #REF! | P10: =(O10/O20)*P20 -> #REF! | R10: =(U36-S36)/1000 -> #REF! | S10: =(R10/R20)*S20 -> #REF! | U10: =(V36-U36)/1000 -> #REF! | V10: =(U10/U20)*V20 -> #REF!
A11: 4 | B11: Internal Support & Undistributed Reduction | C11: =((M39-I39)+M40)/1000 -> 4.245398 | D11: =(C11/C20)*D20 -> 0.0029403413 | F11: =((O39-M39)+(O40-M40))/1000 -> #REF! | G11: =(F11/F20)*G20 -> #REF! | I11: =((P39-O39)+P40)/1000 -> #REF! | J11: =(I11/I20)*J20 -> #REF! | L11: =((R39-P39)+R40)/1000 -> #REF! | M11: =(L11/L20)*M20 -> #REF! | O11: =((S39-R39))/1000 -> #REF! | P11: =(O11/O20)*P20 -> #REF! | R11: =((U39-S39))/1000 -> #REF! | S11: =(R11/R20)*S20 -> #REF! | U11: =((V39-U39))/1000 -> #REF! | V11: =(U11/U20)*V20 -> #REF!
A12: 5 | B12: IPR Sub-total | C12: =SUM(C8:C11) -> 34.33676 | D12: =SUM(D8:D11) -> 0.023781467 | F12: =SUM(F8:F11) -> #REF! | G12: =SUM(G8:G11) -> #REF! | I12: =SUM(I8:I11) -> #REF! | J12: =SUM(J8:J11) -> #REF! | L12: =SUM(L8:L11) -> #REF! | M12: =SUM(M8:M11) -> #REF! | O12: =SUM(O8:O11) -> #REF! | P12: =SUM(P8:P11) -> #REF! | R12: =SUM(R8:R11) -> #REF! | S12: =SUM(S8:S11) -> #REF! | U12: =SUM(U8:U11) -> #REF! | V12: =SUM(V8:V11) -> #REF!
A14: 6 | B14: Ancillary Services 1/ | C14: =(M38-I38)/1000 -> 8.0091995 | D14: =(C14/C20)*D20 -> 0.0055471312 | F14: =(O38-M38)/1000 -> #REF! | G14: =(F14/F20)*G20 -> #REF! | I14: =(P38-O38)/1000 -> #REF! | J14: =(I14/I20)*J20 -> #REF! | L14: =(R38-P38)/1000 -> #REF! | M14: =(L14/L20)*M20 -> #REF! | O14: =(S38-R38)/1000 -> #REF! | P14: =(O14/O20)*P20 -> #REF! | R14: =(U38-S38)/1000 -> #REF! | S14: =(R14/R20)*S20 -> #REF! | U14: =(V38-U38)/1000 -> #REF! | V14: =(U14/U20)*V20 -> #REF!
A15: 7 | B15: Use of Reserves for Rate Relief 2/ | C15: =(M41-I41)/1000 -> 20 | D15: =(C15/C20)*D20 -> 0.013851899 | F15: =(O41-M41)/1000 -> #REF! | G15: =(F15/F20)*G20 -> #REF! | I15: =(P41-O41)/1000 -> #REF! | J15: =(I15/I20)*J20 -> #REF! | L15: =(R41-P41)/1000 -> #REF! | M15: =(L15/L20)*M20 -> #REF! | O15: =(S41-R41)/1000 -> #REF! | P15: =(O15/O20)*P20 -> #REF! | R15: =(U41-S41)/1000 -> #REF! | S15: =(R15/R20)*S20 -> #REF! | U15: =(V41-U41)/1000 -> #REF! | V15: =(U15/U20)*V20 -> #REF!
A16: 8 | B16: Non-IPR Sub-total | C16: =SUM(C14:C15) -> 28.0092 | D16: =SUM(D14:D15) -> 0.01939903 | F16: =SUM(F14:F15) -> #REF! | G16: =SUM(G14:G15) -> #REF! | I16: =SUM(I14:I15) -> #REF! | J16: =SUM(J14:J15) -> #REF! | L16: =SUM(L14:L15) -> #REF! | M16: =SUM(M14:M15) -> #REF! | O16: =SUM(O14:O15) -> #REF! | P16: =SUM(P14:P15) -> #REF! | R16: =SUM(R14:R15) -> #REF! | S16: =SUM(S14:S15) -> #REF! | U16: =SUM(U14:U15) -> #REF! | V16: =SUM(V14:V15) -> #REF!
A18: 9 | B18: Capital Related Costs 3/ | C18: =((M51-I51)/1000)-1 -> 12.733998 | D18: =(C18/C20)*D20 -> 0.0088195026 | F18: =((O51-M51)/1000) -> 30.733169 | G18: =(F18/F20)*G20 -> #REF! | I18: =((P51-O51)/1000) -> 76.476543 | J18: =(I18/I20)*J20 -> #REF! | L18: =((R51-P51)/1000) -> 48.835605 | M18: =(L18/L20)*M20 -> #REF! | O18: =((S51-R51)/1000) -> 46.477944 | P18: =(O18/O20)*P20 -> #REF! | R18: =((U51-S51)/1000) -> 39.07481 | S18: =(R18/R20)*S20 -> #REF! | U18: =((V51-U51)/1000) -> 46.898566 | V18: =(U18/U20)*V20 -> #REF!
A20: 10 | B20: Total Change in Rates (Lines 5+8+13) 4/ | C20: =C12+C16+C18 -> 75.079957 | D20: 0.052 | F20: =F12+F16+F18 -> #REF! | G20: 0.087 | I20: =I12+I16+I18 -> #REF! | J20: 0.03 | L20: =L12+L16+L18 -> #REF! | M20: 0.012 | O20: =O12+O16+O18 -> #REF! | P20: 0.027 | R20: =R12+R16+R18 -> #REF! | S20: 0.03 | U20: =U12+U16+U18 -> #REF! | V20: 0.034
A22: 11 | B22: Revenues | D22: =-0.002 -> -0.002 | G22: -0.01488 | J22: =G22-D22 -> -0.01288
A24: 12 | B24: Total Change in Rates (Row 10+11) 4/ | D24: =D22+D20 -> 0.05 | G24: =G20+G22 -> 0.07212 | J24: =G24-D24 -> 0.02212
A26: 1/ The Ancillary Services forecast has been modified to reflect levels filed in the Errata to BP-14 Final Proposal
A27: 2/ Use of reserves in BP-14 included $20 million/yr for rate mitigation.
A28: 3/ Includes Net Interest Expense, Depreciation/Amortization and Minimum Required Net Revenues
A29: 4/ Change in rates reflects average across all segments.
A32: INCOME STATEMENT | I32: AVG | M32: AVG | O32: AVG | P32: AVG | R32: AVG | S32: AVG | U32: AVG | V32: AVG | AC32: AVG | AD32: AVG | AE32: AVG | AF32: AVG | AG32: AVG | AH32: AVG | AI32: AVG | AJ32: AVG
F33: BP-14 FP | I33: BP-14 | K33: BP-16 IP | M33: BP-16 | O33: BP-18 | P33: BP-20 | R33: BP-22 | S33: BP-24 | U33: BP-26 | V33: BP-28 | X33: CAPITAL RELATED COST | AC33: BP-14 | AD33: BP-16 | AE33: BP-18 | AF33: BP-20 | AG33: BP-22 | AH33: BP-24 | AI33: BP-26 | AJ33: BP-28
A34: OPERATING EXPENSES | F34: 2014 | G34: 2015 | J34: 2016 | L34: 2017 | X34: DEPRECIATION & AMORTIZATION | AC34: =I42 -> 197303 | AD34: =M42 -> 249531.19 | AE34: =O42 -> #REF! | AF34: =P42 -> #REF! | AG34: =R42 -> #REF! | AH34: =S42 -> #REF! | AI34: =U42 -> #REF! | AJ34: =V42 -> #REF!
B35: TRANSMISSION OPERATIONS | F35: 140729 | G35: 144346 | I35: =AVERAGE(F35:G35) -> 142537.5 | J35: 155274.47 | L35: 160800.45 | M35: =AVERAGE(J35:L35) -> 158037.46 | O35: =AVERAGE('Revenue Requirement'!#REF!) -> #REF! | P35: =AVERAGE('Revenue Requirement'!#REF!) -> #REF! | R35: =AVERAGE('Revenue Requirement'!#REF!) -> #REF! | S35: =AVERAGE('Revenue Requirement'!#REF!) -> #REF! | U35: =AVERAGE('Revenue Requirement'!#REF!) -> #REF! | V35: =AVERAGE('Revenue Requirement'!#REF!) -> #REF! | X35: NET INTEREST EXPENSE | AC35: =I45 -> 151868.5 | AD35: =M45 -> 154042.02 | AE35: =O45 -> #REF! | AF35: =P45 -> #REF! | AG35: =R45 -> #REF! | AH35: =S45 -> #REF! | AI35: =U45 -> #REF! | AJ35: =V45 -> #REF!
B36: TRANSMISSION ENGINEERING | F36: 41638 | G36: 41769 | I36: =AVERAGE(F36:G36) -> 41703.5 | J36: 48746.031 | L36: 49146.964 | M36: =AVERAGE(J36:L36) -> 48946.497 | O36: =AVERAGE('Revenue Requirement'!#REF!) -> #REF! | P36: =AVERAGE('Revenue Requirement'!#REF!) -> #REF! | R36: =AVERAGE('Revenue Requirement'!#REF!) -> #REF! | S36: =AVERAGE('Revenue Requirement'!#REF!) -> #REF! | U36: =AVERAGE('Revenue Requirement'!#REF!) -> #REF! | V36: =AVERAGE('Revenue Requirement'!#REF!) -> #REF! | X36: MINIMUM REQUIRED NET REVENUE | AC36: =I49 -> 138796 | AD36: =M49 -> 98128.281 | AE36: =O49 -> #REF! | AF36: =P49 -> #REF! | AG36: =R49 -> #REF! | AH36: =S49 -> #REF! | AI36: =U49 -> #REF! | AJ36: =V49 -> #REF!
B37: TRANSMISSION MAINTENANCE | F37: 154234 | G37: 157893 | I37: =AVERAGE(F37:G37) -> 156063.5 | J37: 162551.64 | L37: 164272.17 | M37: =AVERAGE(J37:L37) -> 163411.91 | O37: =AVERAGE('Revenue Requirement'!#REF!) -> #REF! | P37: =AVERAGE('Revenue Requirement'!#REF!) -> #REF! | R37: =AVERAGE('Revenue Requirement'!#REF!) -> #REF! | S37: =AVERAGE('Revenue Requirement'!#REF!) -> #REF! | U37: =AVERAGE('Revenue Requirement'!#REF!) -> #REF! | V37: =AVERAGE('Revenue Requirement'!#REF!) -> #REF! | AC37: =SUM(AC34:AC36) -> 487967.5 | AD37: =SUM(AD34:AD36) -> 501701.5 | AE37: =SUM(AE34:AE36) -> #REF! | AF37: =SUM(AF34:AF36) -> #REF! | AG37: =SUM(AG34:AG36) -> #REF! | AH37: =SUM(AH34:AH36) -> #REF! | AI37: =SUM(AI34:AI36) -> #REF! | AJ37: =SUM(AJ34:AJ36) -> #REF!
B38: TRANSMISSION ACQ & ANCILLARY SERVICES | F38: 131287 | G38: 134244 | I38: =AVERAGE(F38:G38) -> 132765.5 | J38: 140766.92 | L38: 140782.48 | M38: =AVERAGE(J38:L38) -> 140774.7 | O38: =AVERAGE('Revenue Requirement'!#REF!) -> #REF! | P38: =AVERAGE('Revenue Requirement'!#REF!) -> #REF! | R38: =AVERAGE('Revenue Requirement'!#REF!) -> #REF! | S38: =AVERAGE('Revenue Requirement'!#REF!) -> #REF! | U38: =AVERAGE('Revenue Requirement'!#REF!) -> #REF! | V38: =AVERAGE('Revenue Requirement'!#REF!) -> #REF!
B39: BPA INTERNAL SUPPORT | F39: 78428 | G39: 80902 | I39: =AVERAGE(F39:G39) -> 79665 | J39: 85106.018 | L39: 86914.778 | M39: =AVERAGE(J39:L39) -> 86010.398 | O39: =AVERAGE('Revenue Requirement'!#REF!) -> #REF! | P39: =AVERAGE('Revenue Requirement'!#REF!) -> #REF! | R39: =AVERAGE('Revenue Requirement'!#REF!) -> #REF! | S39: =AVERAGE('Revenue Requirement'!#REF!) -> #REF! | U39: =AVERAGE('Revenue Requirement'!#REF!) -> #REF! | V39: =AVERAGE('Revenue Requirement'!#REF!) -> #REF! | X39: CAPITAL FORECAST | AC39: =AVERAGE('Capital Input File'!B39:B39) -> 485796.83 | AD39: =AVERAGE('Capital Input File'!C39:D39) -> 498692.68 | AE39: =AVERAGE('Capital Input File'!#REF!) -> #REF! | AF39: =AVERAGE('Capital Input File'!#REF!) -> #REF! | AG39: =AVERAGE('Capital Input File'!#REF!) -> #REF! | AH39: ='Capital Input File'!#REF! -> #REF! | AI39: =AH39 -> #REF! | AJ39: =AI39 -> #REF!
B40: OTHER INCOME, EXPENSES & ADJUSTMENTS | F40: -20000 | G40: -20000 | I40: =AVERAGE(F40:G40) -> -20000 | J40: -2100 | L40: -2100 | M40: =AVERAGE(J40:L40) -> -2100 | O40: =AVERAGE('Revenue Requirement'!#REF!) -> #REF! | P40: =AVERAGE('Revenue Requirement'!#REF!) -> #REF! | R40: =AVERAGE('Revenue Requirement'!#REF!) -> #REF! | S40: =AVERAGE('Revenue Requirement'!#REF!) -> #REF! | U40: =AVERAGE('Revenue Requirement'!#REF!) -> #REF! | V40: =AVERAGE('Revenue Requirement'!#REF!) -> #REF! | X40: PIS FORECAST | AC40: =AVERAGE(AFUDC!#REF!) -> #REF! | AD40: =AVERAGE(AFUDC!C9:D9) -> 480954.65 | AE40: =AVERAGE(AFUDC!E9:F9) -> 478014.96 | AF40: =AVERAGE(AFUDC!#REF!) -> #REF! | AG40: =AVERAGE(AFUDC!#REF!) -> #REF! | AH40: =AVERAGE(AFUDC!#REF!) -> #REF! | AI40: =AVERAGE(AFUDC!#REF!) -> #REF! | AJ40: =AVERAGE(AFUDC!#REF!) -> #REF!
B41: OTHER - USE OF RESERVES FOR RATE RELIEF | F41: -20000 | G41: -20000 | I41: =AVERAGE(F41:G41) -> -20000 | J41: 0 | L41: 0 | M41: =AVERAGE(J41:L41) -> 0 | O41: =AVERAGE('Revenue Requirement'!#REF!) -> #REF! | P41: =AVERAGE('Revenue Requirement'!#REF!) -> #REF! | R41: =AVERAGE('Revenue Requirement'!#REF!) -> #REF! | S41: =AVERAGE('Revenue Requirement'!#REF!) -> #REF! | U41: =AVERAGE('Revenue Requirement'!#REF!) -> #REF! | V41: =AVERAGE('Revenue Requirement'!#REF!) -> #REF!
B42: DEPRECIATION & AMORTIZATION | F42: 192141 | G42: 202465 | I42: =AVERAGE(F42:G42) -> 197303 | J42: 239852.19 | L42: 259210.19 | M42: =AVERAGE(J42:L42) -> 249531.19 | O42: =AVERAGE('Revenue Requirement'!#REF!) -> #REF! | P42: =AVERAGE('Revenue Requirement'!#REF!) -> #REF! | R42: =AVERAGE('Revenue Requirement'!#REF!) -> #REF! | S42: =AVERAGE('Revenue Requirement'!#REF!) -> #REF! | U42: =AVERAGE('Revenue Requirement'!#REF!) -> #REF! | V42: =AVERAGE('Revenue Requirement'!#REF!) -> #REF! | AD42: Celilo | AF42: I-5 Upgrade
A43: TOTAL OPERATING EXPENSES | F43: =F35+F36+F37+F38+F39+F40+F42 -> 718457 | G43: =G35+G36+G37+G38+G39+G40+G42 -> 741619 | I43: =AVERAGE(F43:G43) -> 730038 | J43: 830197.27 | L43: 859027.04 | M43: =AVERAGE(J43:L43) -> 844612.15 | O43: =AVERAGE('Revenue Requirement'!#REF!) -> #REF! | P43: =AVERAGE('Revenue Requirement'!#REF!) -> #REF! | R43: =AVERAGE('Revenue Requirement'!#REF!) -> #REF! | S43: =AVERAGE('Revenue Requirement'!#REF!) -> #REF! | U43: =AVERAGE('Revenue Requirement'!#REF!) -> #REF! | V43: =AVERAGE('Revenue Requirement'!#REF!) -> #REF!
A45: NET INTEREST EXPENSE | F45: 143924 | G45: 159813 | I45: =AVERAGE(F45:G45) -> 151868.5 | J45: 150702.18 | L45: 157381.87 | M45: =AVERAGE(J45:L45) -> 154042.02 | O45: =AVERAGE('Revenue Requirement'!#REF!) -> #REF! | P45: =AVERAGE('Revenue Requirement'!#REF!) -> #REF! | R45: =AVERAGE('Revenue Requirement'!#REF!) -> #REF! | S45: =AVERAGE('Revenue Requirement'!#REF!) -> #REF! | U45: =AVERAGE('Revenue Requirement'!#REF!) -> #REF! | V45: =AVERAGE('Revenue Requirement'!#REF!) -> #REF!
A47: TOTAL REVENUE REQUIREMENT | F47: =F45+F43 -> 862381 | G47: =G45+G43 -> 901432 | I47: =AVERAGE(F47:G47) -> 881906.5 | J47: =J45+J43+J49 -> 1090709.1 | L47: =L45+L43+L49 -> 1102855.8 | M47: =AVERAGE(J47:L47) -> 1096782.5 | O47: =O45+O43+O49 -> #REF! | P47: =P45+P43+P49 -> #REF! | R47: =R45+R43+R49 -> #REF! | S47: =S45+S43+S49 -> #REF! | U47: =U45+U43+U49 -> #REF! | V47: =V45+V43+V49 -> #REF!
A49: MINIMUM REQUIRED NET REVENUE 1/ | F49: 147145 | G49: 130447 | I49: =AVERAGE(F49:G49) -> 138796 | J49: 109809.67 | L49: 86446.889 | M49: =AVERAGE(J49:L49) -> 98128.281 | O49: =AVERAGE('Revenue Requirement'!#REF!) -> #REF! | P49: =AVERAGE('Revenue Requirement'!#REF!) -> #REF! | R49: =AVERAGE('Revenue Requirement'!#REF!) -> #REF! | S49: =AVERAGE('Revenue Requirement'!#REF!) -> #REF! | U49: =AVERAGE('Revenue Requirement'!#REF!) -> #REF! | V49: =AVERAGE('Revenue Requirement'!#REF!) -> #REF!
A51: CAPITAL RELATED COST | F51: =F49+F45+F42 -> 483210 | G51: =G49+G45+G42 -> 492725 | I51: =I49+I45+I42 -> 487967.5 | J51: 500364.05 | L51: 503038.95 | M51: =M49+M45+M42 -> 501701.5 | O51: 532434.67 | P51: 608911.21 | R51: 657746.81 | S51: 704224.76 | U51: 743299.57 | V51: 790198.13
M53: =SUM(M35:M40) -> 595080.96 | O53: =SUM(O35:O40)-O38 -> #REF! | P53: =SUM(P35:P40)-P38 -> #REF! | R53: =SUM(R35:R40)-R38 -> #REF! | S53: =SUM(S35:S40)-S38 -> #REF! | U53: =SUM(U35:U40)-U38 -> #REF! | V53: =SUM(V35:V40)-V38 -> #REF!
O54: =(O53-M53)/O53 -> #REF! | P54: =(P53-O53)/P53 -> #REF! | R54: =(R53-P53)/R53 -> #REF! | S54: =(S53-R53)/S53 -> #REF! | U54: =(U53-S53)/U53 -> #REF! | V54: =(V53-U53)/V53 -> #REF!
M55: =M38 -> 140774.7 | O55: =O38 -> #REF! | P55: =P38 -> #REF! | R55: =R38 -> #REF! | S55: =S38 -> #REF! | U55: =U38 -> #REF! | V55: =V38 -> #REF!
O56: =(O55-M55)/O55 -> #REF! | P56: =(P55-O55)/P55 -> #REF! | R56: =(R55-P55)/R55 -> #REF! | S56: =(S55-R55)/S55 -> #REF! | U56: =(U55-S55)/U55 -> #REF! | V56: =(V55-U55)/V55 -> #REF!
M57: =M51 -> 501701.5 | O57: =O51 -> 532434.67 | P57: =P51 -> 608911.21 | R57: =R51 -> 657746.81 | S57: =S51 -> 704224.76 | U57: =U51 -> 743299.57 | V57: =V51 -> 790198.13
O58: =(O57-M57)/O57 -> 0.057721953 | P58: =(P57-O57)/P57 -> 0.12559556 | R58: =(R57-P57)/R57 -> 0.074246813 | S58: =(S57-R57)/S57 -> 0.065998736 | U58: =(U57-S57)/U57 -> 0.052569397 | V58: =(V57-U57)/V57 -> 0.059350388
M60: =M45 -> 154042.02 | O60: =O45 -> #REF! | P60: =P45 -> #REF! | R60: =R45 -> #REF! | S60: =S45 -> #REF! | U60: =U45 -> #REF! | V60: =V45 -> #REF!
O61: =(O60-M60)/O60 -> #REF! | P61: =(P60-O60)/P60 -> #REF! | R61: =(R60-P60)/R60 -> #REF! | S61: =(S60-R60)/S60 -> #REF! | U61: =(U60-S60)/U60 -> #REF! | V61: =(V60-U60)/V60 -> #REF!

Sheet Revenue Requirement
A1: TRANSMISSION - Revenue Requirement
F2: Rate Case BP-18 FP
A3: INCOME STATEMENT | F3: 2018 | G3: =F3+1 -> 2019
A5: OPERATING EXPENSES
B6: TRANSMISSION OPERATIONS | F6: =HLOOKUP(F$3,'Expense Input File'!$C$2:$E$9,2,FALSE) -> 167050 | G6: =HLOOKUP(G$3,'Expense Input File'!$C$2:$E$9,2,FALSE) -> 168007.32
B7: TRANSMISSION ENGINEERING | F7: =HLOOKUP(F$3,'Expense Input File'!$C$2:$E$9,3,FALSE) -> 56350.643 | G7: =HLOOKUP(G$3,'Expense Input File'!$C$2:$E$9,3,FALSE) -> 57717.508
B8: TRANSMISSION MAINTENANCE INCLUDING ENVIRONMENT | F8: =HLOOKUP(F$3,'Expense Input File'!$C$2:$E$9,4,FALSE) -> 176580.17 | G8: =HLOOKUP(G$3,'Expense Input File'!$C$2:$E$9,4,FALSE) -> 178125.06
B9: TRANSMISSION ACQ & ANCILLARY SERVICES | F9: =HLOOKUP(F$3,'Expense Input File'!$C$2:$E$9,6,FALSE) -> 119460.12 | G9: =HLOOKUP(G$3,'Expense Input File'!$C$2:$E$9,6,FALSE) -> 111982.94
B10: BPA INTERNAL SUPPORT | F10: =HLOOKUP(F$3,'Expense Input File'!$C$2:$E$9,7,FALSE) -> 93939.627 | G10: =HLOOKUP(G$3,'Expense Input File'!$C$2:$E$9,7,FALSE) -> 95607.17
B11: OTHER INCOME, EXPENSES & ADJUSTMENTS | F11: =HLOOKUP(F$3,'Expense Input File'!$C$2:$E$9,8,FALSE) -> -7547.575 | G11: =HLOOKUP(G$3,'Expense Input File'!$C$2:$E$9,8,FALSE) -> -8539.337
B12: OTHER - USE OF RESERVES FOR RATE RELIEF | F12: 0 | G12: 0
B13: DEPRECIATION & AMORTIZATION | F13: 273163.92 | G13: 284421.97
A14: TOTAL OPERATING EXPENSES | F14: =SUM(F6:F11,F13) -> 878996.91 | G14: =SUM(G6:G11,G13) -> 887322.63
A16: INTEREST EXPENSE
B17: INTEREST EXPENSE
B18: FEDERAL APPROPRIATIONS | F18: =HLOOKUP(F$3,'Repayment Inputs'!$C$4:$D$46,4,FALSE) -> 1658.904 | G18: =HLOOKUP(G$3,'Repayment Inputs'!$C$4:$D$46,4,FALSE) -> 1517.891
B19: CAPITALIZATION ADJUSTMENT | F19: -18968 | G19: -18968
B20: ON LONG-TERM DEBT | F20: =HLOOKUP(F$3,'Repayment Inputs'!$C$4:$D$46,5,FALSE)+HLOOKUP(F$3,'Repayment Inputs'!$C$4:$D$46,8,FALSE) -> 100998.95 | G20: =HLOOKUP(G$3,'Repayment Inputs'!$C$4:$D$46,5,FALSE)+HLOOKUP(G$3,'Repayment Inputs'!$C$4:$D$46,8,FALSE) -> 106597.24
B21: AMORTIZATION OF CAPITALIZED BOND PREMIUMS | F21: 561 | G21: 561
B22: DEBT SERVICE REASSIGNMENT INTEREST | F22: =HLOOKUP(F$3,'Repayment Inputs'!$C$4:$D$46,14,FALSE) -> 13964.23 | G22: =HLOOKUP(G$3,'Repayment Inputs'!$C$4:$D$46,14,FALSE) -> 5110.846
B23: NON-FEDERAL INTEREST (INCL COI & LGIA) | F23: =HLOOKUP(F$3,'Repayment Inputs'!$C$4:$D$46,23,FALSE)-HLOOKUP(F$3,'Repayment Inputs'!$C$4:$D$46,14,FALSE) -> 77155.657 | G23: =HLOOKUP(G$3,'Repayment Inputs'!$C$4:$D$46,23,FALSE)-HLOOKUP(G$3,'Repayment Inputs'!$C$4:$D$46,14,FALSE) -> 97552.262
B24: PREMIUMS/DISCOUNTS | F24: =HLOOKUP(F$3,'Repayment Inputs'!$C$4:$D$46,6,FALSE)+HLOOKUP(F$3,'Repayment Inputs'!$C$4:$D$46,7,FALSE) -> 0 | G24: =HLOOKUP(G$3,'Repayment Inputs'!$C$4:$D$46,6,FALSE)+HLOOKUP(G$3,'Repayment Inputs'!$C$4:$D$46,7,FALSE) -> 555.708
B25: AFUDC | F25: =-HLOOKUP(F$3,AFUDC!$D$4:$F$29,26,FALSE) -> -24732.825 | G25: =-HLOOKUP(G$3,AFUDC!$D$4:$F$29,26,FALSE) -> -24819.317
B26: INTEREST INCOME | F26: =-HLOOKUP(F3,'Interest Income'!$A$2:$F$22,21,FALSE) -> -2412.434 | G26: =-HLOOKUP(G3,'Interest Income'!$A$2:$F$22,21,FALSE) -> -3940.52
A27: NET INTEREST EXPENSE | F27: =SUM(F18:F26) -> 148225.48 | G27: =SUM(G18:G26) -> 164167.11
A29: TOTAL EXPENSES | F29: =SUM(F14,F27) -> 1027222.4 | G29: =SUM(G14,G27) -> 1051489.7
A31: MINIMUM REQUIRED NET REVENUE 1/ | F31: =F41 -> 8626.2554 | G31: =G41 -> 347.60359
A32: PLANNED NET REVENUES FOR RISK | F32: =F67 -> 0 | G32: =G67 -> 0
A33: TOTAL PLANNED NET REVENUE | F33: =SUM(F31:F32) -> 8626.2554 | G33: =SUM(G31:G32) -> 347.60359
A35: TOTAL REVENUE REQUIREMENT | F35: =SUM(F29,F33) -> 1035848.6 | G35: =SUM(G29,G33) -> 1051837.3
A38: CASH FLOW STATEMENT | F38: =F3 -> 2018 | G38: =G3 -> 2019
A40: CASH FROM CURRENT OPERATIONS:
B41: MINIMUM REQUIRED NET REVENUE | F41: =IF(F70<0,F70*-1,0) -> 8626.2554 | G41: =IF(G70<0,G70*-1,0) -> 347.60359
B42: DRAWDOWN OF CASH RESERVES FOR CAPITAL FUNDING | F42: =-HLOOKUP(F$3,'Capital Input File'!$B$30:$D$52,8,FALSE) -> 15000 | G42: =-HLOOKUP(G$3,'Capital Input File'!$B$30:$D$52,8,FALSE) -> 15000
B43: EXPENSES NOT REQUIRING CASH:
B44: DEPRECIATION & AMORTIZATION | F44: =F13 -> 273163.92 | G44: =G13 -> 284421.97
B45: TRANSMISSION CREDIT PROJECTS NET INTEREST | F45: =((HLOOKUP(F$3,'Repayment Inputs'!$C$4:$D$46,19,FALSE))+(HLOOKUP(F$3,'Repayment Inputs'!$C$4:$D$46,20,FALSE)))-(HLOOKUP(F$3,AFUDC!$D$4:$F$29,25,FALSE)) -> 4324.6131 | G45: =((HLOOKUP(G$3,'Repayment Inputs'!$C$4:$D$46,19,FALSE))+(HLOOKUP(G$3,'Repayment Inputs'!$C$4:$D$46,20,FALSE)))-(HLOOKUP(G$3,AFUDC!$D$4:$F$29,25,FALSE)) -> 4110.7669
B46: AMORTIZATION OF CAPITALIZED BOND PREMIUMS | F46: =F21 -> 561 | G46: =G21 -> 561
B47: CAPITALIZATION ADJUSTMENT | F47: =F19 -> -18968 | G47: =G19 -> -18968
B48: NON-CASH REVENUES
B49: LGIA (INCL COI) | F49: =-(HLOOKUP(F$3,'Repayment Inputs'!$C$4:$D$45,38,FALSE)+HLOOKUP(F$3,'Repayment Inputs'!$C$4:$D$45,39,FALSE)) -> -17256.411 | G49: =-(HLOOKUP(G$3,'Repayment Inputs'!$C$4:$D$45,38,FALSE)+HLOOKUP(G$3,'Repayment Inputs'!$C$4:$D$45,39,FALSE)) -> -14766.86
B50: AC INTERTIE CO/FIBER | F50: -9168.3647 | G50: -3387.1427
B51: CASH PROVIDED BY CURRENT OPERATIONS | F51: =SUM(F41:F50) -> 256283.01 | G51: =SUM(G41:G50) -> 267319.33
A53: CASH USED FOR CAPITAL INVESTMENTS:
B54: INVESTMENT IN:
B55: UTILITY PLANT | F55: =-(F59+(HLOOKUP(F$3,'Capital Input File'!$B$30:$D$52,12,FALSE))) -> -505808.04 | G55: =-(G59+(HLOOKUP(G$3,'Capital Input File'!$B$30:$D$52,12,FALSE))) -> -521577.32
B56: CASH USED FOR CAPITAL INVESTMENTS | F56: =F55 -> -505808.04 | G56: =G55 -> -521577.32
A58: CASH FROM TREASURY BORROWING AND APPROPRIATIONS:
B59: INCREASE IN LONG-TERM DEBT | F59: =HLOOKUP(F$3,'Capital Input File'!$B$30:$D$52,10,FALSE) -> 490808.04 | G59: =HLOOKUP(G$3,'Capital Input File'!$B$30:$D$52,10,FALSE) -> 506577.32
B60: DEBT SERVICE REASSIGNMENT PRINCIPAL | F60: =-HLOOKUP(F$3,'Repayment Inputs'!$C$4:$D$46,33,FALSE) -> -191503.62 | G60: =-HLOOKUP(G$3,'Repayment Inputs'!$C$4:$D$46,33,FALSE) -> -4837.52
B61: REPAYMENT OF CAPITAL LEASES | F61: =HLOOKUP(F$3,'Repayment Inputs'!$C$4:$D$46,43,FALSE) -> -1873.598 | G61: =HLOOKUP(G$3,'Repayment Inputs'!$C$4:$D$46,43,FALSE) -> -12466.001
B62: REPAYMENT OF LONG-TERM DEBT | F62: =-HLOOKUP(F$3,'Repayment Inputs'!$C$4:$D$46,28,FALSE) -> -45950 | G62: =-HLOOKUP(G$3,'Repayment Inputs'!$C$4:$D$46,28,FALSE) -> -213963.24
B63: REPAYMENT OF CAPITAL APPROPRIATIONS | F63: =-HLOOKUP(F$3,'Repayment Inputs'!$C$4:$D$46,27,FALSE) -> -1955.794 | G63: =-HLOOKUP(G$3,'Repayment Inputs'!$C$4:$D$46,27,FALSE) -> -21052.574
B64: CASH FROM TREASURY BORROWING AND APPROPRIATIONS | F64: =SUM(F59:F63) -> 249525.03 | G64: =SUM(G59:G63) -> 254257.99
A66: ANNUAL INCREASE (DECREASE) IN CASH | F66: =F64+F56+F51 -> 0 | G66: =G64+G56+G51 -> 0
A67: PLANNED NET REVENUES FOR RISK | F67: 0 | G67: 0
A68: TOTAL ANNUAL INCREASE (DECREASE) IN CASH | F68: =F67+F66 -> 0 | G68: =G67+G66 -> 0
A70: MINIMUM REQUIRED NET REVENUE CALCULATION | F70: =SUM(F42:F50)+F56+F64 -> -8626.2554 | G70: =SUM(G42:G50)+G56+G64 -> -347.60359

Sheet Segmented Rev Req.
A1: TRANSMISSION - SEGMENTED REVENUE REQUIREMENT
D2: TOTAL | E2: GENERATION INTEGRATION | F2: NETWORK | G2: SOUTHERN INTERTIE | H2: EASTERN INTERTIE | I2: UTILITY DELIVERY | J2: DSI DELIVERY | K2: ANCILLARY SERVICES
A3: 2018 | B3: SEGMENTED REVENUE REQUIREMENT
A4: OPERATIONS & MAINTENANCE | D4: =SUM(E4:K4) -> 486372.87 | E4: ='18 Seg Dev'!E$46 -> 7003.3684 | F4: ='18 Seg Dev'!F$46 -> 303090.5 | G4: ='18 Seg Dev'!G$46 -> 39238.979 | H4: ='18 Seg Dev'!H$46 -> 5425.8254 | I4: ='18 Seg Dev'!I$46 -> 1695.8642 | J4: ='18 Seg Dev'!J$46 -> 1046.1489 | K4: ='18 Seg Dev'!K$46 -> 128872.18
A5: TRANS ACQUISITION AND ANCILLARY SERVICES | D5: =SUM(E5:K5) -> 119460.12 | E5: ='18 Seg Dev'!E$62 -> 49.700349 | F5: ='18 Seg Dev'!F$62 -> 17167.572 | G5: ='18 Seg Dev'!G$62 -> 1347.2625 | H5: ='18 Seg Dev'!H$62 -> 11.606946 | I5: ='18 Seg Dev'!I$62 -> 205.36271 | J5: ='18 Seg Dev'!J$62 -> 8.5151677 | K5: ='18 Seg Dev'!K$62 -> 100670.1
A6: DEPRECIATION | D6: =SUM(E6:K6) -> 273163.92 | E6: ='18 Seg Dev'!E$23 -> 3538.232 | F6: ='18 Seg Dev'!F$23 -> 202895.43 | G6: ='18 Seg Dev'!G$23 -> 29695.11 | H6: ='18 Seg Dev'!H$23 -> 3599.6246 | I6: ='18 Seg Dev'!I$23 -> 565.1788 | J6: ='18 Seg Dev'!J$23 -> 345.20104 | K6: ='18 Seg Dev'!K$23 -> 32525.139
A7: NET INTEREST EXPENSE | D7: =SUM(E7:K7) -> 148225.48 | E7: ='18 Seg Dev'!E$11 -> 2122.7678 | F7: ='18 Seg Dev'!F$11 -> 121401.05 | G7: ='18 Seg Dev'!G$11 -> 18167.192 | H7: ='18 Seg Dev'!H$11 -> 2183.8413 | I7: ='18 Seg Dev'!I$11 -> 265.47606 | J7: ='18 Seg Dev'!J$11 -> 161.31333 | K7: ='18 Seg Dev'!K$11 -> 3923.8461
A8: PLANNED NET REVENUES | D8: =SUM(E8:K8) -> 8626.2554 | E8: ='18 Seg Dev'!E$18 -> 56.723292 | F8: ='18 Seg Dev'!F$18 -> 5854.2916 | G8: ='18 Seg Dev'!G$18 -> 2540.6302 | H8: ='18 Seg Dev'!H$18 -> 58.355258 | I8: ='18 Seg Dev'!I$18 -> 7.0938874 | J8: ='18 Seg Dev'!J$18 -> 4.3105152 | K8: ='18 Seg Dev'!K$18 -> 104.85059
A9: TOTAL TRANSMISSION REVENUE REQUIREMENT | D9: =SUM(D4:D8) -> 1035848.6 | E9: =SUM(E4:E8) -> 12770.792 | F9: =SUM(F4:F8) -> 650408.84 | G9: =SUM(G4:G8) -> 90989.173 | H9: =SUM(H4:H8) -> 11279.253 | I9: =SUM(I4:I8) -> 2738.9757 | J9: =SUM(J4:J8) -> 1565.489 | K9: =SUM(K4:K8) -> 266096.11
A11: =A3+1 -> 2019 | B11: SEGMENTED REVENUE REQUIREMENT
A12: OPERATIONS & MAINTENANCE | D12: =SUM(E12:K12) -> 490917.73 | E12: ='19 Seg Dev'!E$46 -> 7046.8665 | F12: ='19 Seg Dev'!F$46 -> 304952.21 | G12: ='19 Seg Dev'!G$46 -> 39482.694 | H12: ='19 Seg Dev'!H$46 -> 5459.5254 | I12: ='19 Seg Dev'!I$46 -> 1706.3973 | J12: ='19 Seg Dev'!J$46 -> 1052.6466 | K12: ='19 Seg Dev'!K$46 -> 131217.39
A13: TRANS ACQUISITION AND ANCILLARY SERVICES | D13: =SUM(E13:K13) -> 111982.94 | E13: ='19 Seg Dev'!E$62 -> 49.627281 | F13: ='19 Seg Dev'!F$62 -> 16600.839 | G13: ='19 Seg Dev'!G$62 -> 1346.913 | H13: ='19 Seg Dev'!H$62 -> 11.528848 | I13: ='19 Seg Dev'!I$62 -> 205.35368 | J13: ='19 Seg Dev'!J$62 -> 8.5096969 | K13: ='19 Seg Dev'!K$62 -> 93760.163
A14: DEPRECIATION | D14: =SUM(E14:K14) -> 284421.97 | E14: ='19 Seg Dev'!E$23 -> 3606.3658 | F14: ='19 Seg Dev'!F$23 -> 211487.96 | G14: ='19 Seg Dev'!G$23 -> 30373.855 | H14: ='19 Seg Dev'!H$23 -> 3654.4109 | I14: ='19 Seg Dev'!I$23 -> 581.67738 | J14: ='19 Seg Dev'!J$23 -> 355.37872 | K14: ='19 Seg Dev'!K$23 -> 34362.321
A15: NET INTEREST EXPENSE | D15: =SUM(E15:K15) -> 164167.11 | E15: ='19 Seg Dev'!E$11 -> 2240.1719 | F15: ='19 Seg Dev'!F$11 -> 134792.04 | G15: ='19 Seg Dev'!G$11 -> 19609.933 | H15: ='19 Seg Dev'!H$11 -> 2299.777 | I15: ='19 Seg Dev'!I$11 -> 280.34629 | J15: ='19 Seg Dev'!J$11 -> 170.37033 | K15: ='19 Seg Dev'!K$11 -> 4774.4722
A16: PLANNED NET REVENUES | D16: =SUM(E16:K16) -> 347.60359 | E16: ='19 Seg Dev'!E$18 -> -27.135962 | F16: ='19 Seg Dev'!F$18 -> 983.68703 | G16: ='19 Seg Dev'!G$18 -> -517.79502 | H16: ='19 Seg Dev'!H$18 -> -27.85798 | I16: ='19 Seg Dev'!I$18 -> -3.3959298 | J16: ='19 Seg Dev'!J$18 -> -2.0637536 | K16: ='19 Seg Dev'!K$18 -> -57.834802
A17: TOTAL TRANSMISSION REVENUE REQUIREMENT | D17: =SUM(D12:D16) -> 1051837.3 | E17: =SUM(E12:E16) -> 12915.895 | F17: =SUM(F12:F16) -> 668816.73 | G17: =SUM(G12:G16) -> 90295.599 | H17: =SUM(H12:H16) -> 11397.384 | I17: =SUM(I12:I16) -> 2770.3787 | J17: =SUM(J12:J16) -> 1584.8416 | K17: =SUM(K12:K16) -> 264056.51

Sheet Expense Input File
A1: TRANSMISSION - EXPENSE INPUT FILE
A2: PROGRAM DESCRIPTION | D2: 2018 | E2: =D2+1 -> 2019
A3: TRANSMISSION OPERATIONS | D3: 167050 | E3: 168007.32
A4: TRANSMISSION ENGINEERING | D4: 56350.643 | E4: 57717.508
A5: TRANSMISSION MAINTENANCE INCL ENVIR | D5: 176580.17 | E5: 178125.06
A6: TBL REIMBURSABLES | D6: 9929.387 | E6: 9936.498
A7: TBL AQUISITION & ANCILLARY | D7: =D65 -> 119460.12 | E7: =E65 -> 111982.94
A8: GEN & ADMIN/SHARED SERVICES | D8: 93939.627 | E8: 95607.17
A9: OTHER INCOME, EXPENSES, ADJUSTMENTS | D9: -7547.575 | E9: -8539.337
A10: WECC/PEAK (PART OF TS ENGINEERING) | D10: 5997.358 | E10: 6111.308
A11: DETAILED DATA SUPPORTING SEGMENTATION AND ANCILLARY SERVICES ANALYSIS
A12: PROGRAM DESCRIPTION | D12: =D$2 -> 2018 | E12: =E$2 -> 2019
A13: SYSTEM OPERATIONS
A14: POWER SYSTEM DISPATCHING | D14: 16081.74 | E14: 16376.036
A15: INFORMATION TECHNOLOGY | D15: 8523.215 | E15: 8668.226
A16: CONTROL CENTER SUPPORT | D16: 26397.813 | E16: 26918.761
A17: TECHNICAL OPERATIONS (Includes Oversupply Admin & TOP Contracts) | D17: 8826.711 | E17: 9032.161
A18: SUBSTATION OPERATIONS | D18: 25451.825 | E18: 26090.814
A19: OVERSUPPLY ADMIN - SPLIT FROM TECH. OPS | D19: 180 | E19: 180
A20: MARKETING
A21: MKTG TRANSMISSION SALES | D21: 3490.998 | E21: 3599.665
A22: MKTG CONTRACT MANAGEMENT | D22: 4861.266 | E22: 5039.164
A23: MKTG TRANSMISSION BILLING | D23: 2518.047 | E23: 2610.893
A24: MKTG BUSINESS STRAT & ASSESS | D24: 4955.28 | E24: 5126.913
A25: STRATEGIC INTEGRATION (Previously Energy Imbalance Market - EIM) | D25: 1403.922 | E25: 1447.252
A26: BUSINESS SUPPORT
A27: EXECUTIVE & ADMIN SERVICES | D27: 22487.762 | E27: 16862.53
A28: AIRCRAFT SERVICES | D28: 2981.87 | E28: 3010.313
A29: TBL INTERNAL GENERAL & ADMINISTRATIVE | D29: 12463.755 | E29: 12657.17
A30: LOGISTICS SERVICES | D30: 4916.229 | E30: 5024.818
A31: SECURITY ENHANCEMENTS EXPENSE | D31: 643.897 | E31: 658.024
A32: LEGAL SUPPORT - EXPENSE | D32: 1715.77 | E32: 1791.987
A34: SCHEDULING
A35: SCHED-RESERVATIONS | D35: 1498.202 | E35: 1561.07
A36: SCHED-PRE-SCHEDULING | D36: 425.843 | E36: 442.15
A37: SCHED-REAL-TIME SCHEDULING | D37: 4764.935 | E37: 4957.497
A38: SCHED-TECHNICAL SUPPORT | D38: 4099.146 | E38: 4238.941
A39: SCHED-AFTER-THE-FACT | D39: 541.775 | E39: 557.939
A40: KSI's
A41: KSI ASSET MANAGEMENT | D41: 1300 | E41: 1300
A42: KSI LT FINANCE & RATES | D42: 30 | E42: 30
A43: KSI COM OPERATIONS | D43: 6670 | E43: 10005
A44: TOP CONTRACTS - SPLIT FROM TECH. OPS | D44: 1100 | E44: 1100
A45: ANCILLARY SERVICES (BBL & NON-BBL) | D45: =D$2 -> 2018 | E45: =E$2 -> 2019
A46: ANCILLARY SERVICES PAYMENTS (BBL) | D46: 95479.666 | E46: 88569.485
A47: OTHER PAYMENTS TO PBL (BBL) | D47: =SUM(D48:D50) -> 10728.867 | E47: =SUM(E48:E50) -> 10728.867
A48: CORPS/BUREAU TRANSMISSION (BBL) | D48: 8867 | E48: 8867
A49: GEN DROPPING (BBL) | D49: 589.232 | E49: 589.232
A50: SYNCHRONOUS CONDENSORS (BBL) | D50: 1272.635 | E50: 1272.635
A51: REDISPATCH & STATION SERVICE (BBL) | D51: =SUM(D52:D53) -> 2221.009 | E51: =SUM(E52:E53) -> 2221.009
A52: REDISPATCH(BBL) ATTACHMENT M for NT | D52: 225 | E52: 225
A53: STATION SERVICE | D53: 1996.009 | E53: 1996.009
A54: TOTAL BBL | D54: =SUM(D46,D47,D51) -> 108429.54 | E54: =SUM(E46,E47,E51) -> 101519.36
A56: NON BBL ANCILLARY SERVICES (NBBL) | D56: 96.72 | E56: 96.72
A57: LEASED FACILITIES (NBBL) | D57: 5746.061 | E57: 5179.061
A58: SETTLEMENT AGREEMENTS (NBBL) | D58: 0 | E58: 0
A59: RELIABILITY DEMAND RESPONSE / REDISPATCH (NBBL) | D59: 5187.793 | E59: 5187.793
A60: TOTAL NBBL | D60: =SUM(D56:D59) -> 11030.574 | E60: =SUM(E56:E59) -> 10463.574
A61: TOTAL BBL & NBBL | D61: =SUM(D54,D60) -> 119460.12 | E61: =SUM(E54,E60) -> 111982.94
A63: NON-BBL TRANS ACQ AND ANCILLARY SERVICES | D63: =D60 -> 11030.574 | E63: =E60 -> 10463.574
A64: BBL ANCILLARY SERVICES | D64: =D54 -> 108429.54 | E64: =E54 -> 101519.36
A65: ANCILLARY SERVICES | D65: =SUM(D63:D64) -> 119460.12 | E65: =SUM(E63:E64) -> 111982.94
A66: NON BBL ANCILLARY SERVICES LESS GEN INPUT | D66: =D56-D67 -> 96.72 | E66: =E56-E67 -> 96.72
A67: Gen Inputs Settlement Addition - 3PS Acquisition Expense | D67: 0 | E67: 0

Sheet Capital Input File
A1: TRANSMISSION - CAPITAL INPUT FILE
A2: 0.65 | B2: Corp Allocation
A3: 15000 | B3: Reserve Financing
A4: Power | B4: 2017 | C4: 2018 | D4: =C4+1 -> 2019
A5: FISH & WILDLIFE | B5: 40000 | C5: 50532.492 | D5: 44000
A6: BUREAU OF RECLAMATION | B6: 38400 | C6: 82368.03 | D6: 139179.56
A7: CORPS OF ENGINEERS | B7: 155600 | C7: 153631.97 | D7: 118820.44
A8: POWER INFORMATION TECHNOLOGY | B8: 8177 | C8: 5000 | D8: 5000
A9: CONSERVATION ACQUISTN / EE - No longer capitalized
A10: POWER AFUDC - Hydro / COE / BOE | B10: 8666 | C10: 8046 | D10: 7982
A11: POWER AFUDC - Corporate/IT | B11: 170.69782 | C11: 333.41532 | D11: 325.435
A12: POWER TOTAL | B12: =SUM(B5:B11) -> 251013.7 | C12: =SUM(C5:C11) -> 299911.91 | D12: =SUM(D5:D11) -> 315307.43
A13: TRANSMISSION | B13: 2017 | C13: 2018 | D13: =C13+1 -> 2019
A14: MAIN GRID | B14: 39504.976 | C14: 2799.3792 | D14: 39333.995
A15: AREA & CUSTOMER SERVICE | B15: 64269.783 | C15: 76276.018 | D15: 47111.373
A16: SYSTEM REPLACEMENTS | B16: 289494.31 | C16: 303011.37 | D16: 316954.89
A17: UPGRADES & ADDITIONS | B17: 70241.035 | C17: 81169.909 | D17: 75491.336
A18: ENVIRONMENT CAPITAL | B18: 7190.036 | C18: 7288.5441 | D18: 7336.4126
A19: PFIA | B19: 6083.421 | C19: 16000 | D19: 15500
A20: TS AFUDC - Construction | B20: =HLOOKUP(B$13,AFUDC!$D$4:$F$29,26,FALSE)-B21 -> 24324.136 | C20: =HLOOKUP(C$13,AFUDC!$D$4:$F$29,26,FALSE)-C21 -> 24486.816 | D20: =HLOOKUP(D$13,AFUDC!$D$4:$F$29,26,FALSE)-D21 -> 24498.152
A21: TS AFUDC - Corporate/IT | B21: =HLOOKUP(B$13,AFUDC!$D$4:$F$20,16,FALSE) -> 170.85185 | C21: =HLOOKUP(C$13,AFUDC!$D$4:$F$20,16,FALSE) -> 246.00843 | D21: =HLOOKUP(D$13,AFUDC!$D$4:$F$20,16,FALSE) -> 321.165
A22: TRANSMISSION TOTAL | B22: =SUM(B14:B21) -> 501278.55 | C22: =SUM(C14:C21) -> 511278.04 | D22: =SUM(D14:D21) -> 526547.32
A23: CORPORATE | B23: 2017 | C23: 2018 | D23: =C23+1 -> 2019
A24: FACILITIES MANAGEMENT | B24: 0 | C24: 1200 | D24: 1200
A25: IT INFRASTRUCTURE PROJECTS (Hardware / Equipment) | B25: 5269 | C25: 10000 | D25: 10000
A26: IT APPLICATION/SYSTEM SUPPORT (Software) - IT CORPT PROJECTS | B26: 3349 | C26: 5000 | D26: 5000
A27: IT POWER APPLICATION SYSTEMS (Charge 100% to Power)
A28: CORPORATE TOTAL | B28: =SUM(B24:B26) -> 8618 | C28: =SUM(C24:C26) -> 16200 | D28: =SUM(D24:D26) -> 16200
A29: FOR REPAYMENT
A30: PROGRAM DESCRIPTION | B30: 2017 | C30: 2018 | D30: =C30+1 -> 2019
A31: Transmission
A32: Corporate Allocation to Trans | B32: =B28*$A$2 -> 5601.7 | C32: =C28*$A$2 -> 10530 | D32: =D28*$A$2 -> 10530
A33: Corporate AFUDC for Trans | B33: =B21 -> 170.85185 | C33: =C21 -> 246.00843 | D33: =D21 -> 321.165
A34: TS CORPORATE W/AFUDC (For Borrowing) | B34: =SUM(B32:B33) -> 5772.5518 | C34: =SUM(C32:C33) -> 10776.008 | D34: =SUM(D32:D33) -> 10851.165
A35: ENVIRONMENT (For Borrowing) | B35: =B18 -> 7190.036 | C35: =C18 -> 7288.5441 | D35: =D18 -> 7336.4126
A36: TS CONST (W/AFUDC) | B36: =SUM(B14:B17,B20) -> 487834.24 | C36: =SUM(C14:C17,C20) -> 487743.49 | D36: =SUM(D14:D17,D20) -> 503389.74
A37: RESERVE FINANCING (Reduces Borrowings) | B37: =-A3 -> -15000 | C37: =B37 -> -15000 | D37: =C37 -> -15000
A38: TRANSMISSION CONSTRUCTION BONDS (For Borrowing) | B38: =SUM(B36:B37) -> 472834.24 | C38: =SUM(C36:C37) -> 472743.49 | D38: =SUM(D36:D37) -> 488389.74
A39: TOTAL TRANSMISSION BONDS (Corp+Envir+Const) | B39: =B38+B35+B34 -> 485796.83 | C39: =C38+C35+C34 -> 490808.04 | D39: =D38+D35+D34 -> 506577.32
A40: =A19 -> PFIA | B40: =B19 -> 6083.421 | C40: =C19 -> 16000 | D40: =D19 -> 15500
A41: =A37 -> RESERVE FINANCING (Reduces Borrowings) | B41: =-B37 -> 15000 | C41: =-C37 -> 15000 | D41: =-D37 -> 15000
A42: TOTAL TS CAPITAL (For Rev. Req. not borrowing levels) | B42: =B41+B40+B39 -> 506880.25 | C42: =C41+C40+C39 -> 521808.04 | D42: =D41+D40+D39 -> 537077.32
A44: Power
A45: FISH & WILDLIFE (for borrowing) | B45: =B5 -> 40000 | C45: =C5 -> 50532.492 | D45: =D5 -> 44000
A46: EE/CONSERVATION (for borrowing) - No longer capitalized
A47: BUREAU OF RECLAMATION + AFUDC (for borrowing) | B47: =B6+(B10*(B6/SUM(B6:B7))) -> 40115.332 | C47: =C6+(C10*(C6/SUM(C6:C7))) -> 85176.221 | D47: =D6+(D10*(D6/SUM(D6:D7))) -> 143485.49
A48: CORP OF RECLAMATION + AFUDC (For borrowing) | B48: =B7+(B10*(B7/SUM(B6:B7))) -> 162550.67 | C48: =C7+(C10*(C7/SUM(C6:C7))) -> 158869.78 | D48: =D7+(D10*(D7/SUM(D6:D7))) -> 122496.51
A49: Power IT + Corporate/IT AFUDC | B49: =B8+B27+B11 -> 8347.6978 | C49: =C8+C27+C11 -> 5333.4153 | D49: =D8+D27+D11 -> 5325.435
A50: Corporate Allocation to Power | B50: =B28*(1-$A$2) -> 3016.3 | C50: =C28*(1-$A$2) -> 5670 | D50: =D28*(1-$A$2) -> 5670
A51: TOTAL CORPORATE - POWER (For Borrowing) | B51: =B49+B50 -> 11363.998 | C51: =C49+C50 -> 11003.415 | D51: =D49+D50 -> 10995.435
A52: TOTAL POWER BONDS (Corp+AFUDC+Direct for Rev. Req) | B52: =SUM(B45,B47:B48,B51) -> 254030 | C52: =SUM(C45,C47:C48,C51) -> 305581.91 | D52: =SUM(D45,D47:D48,D51) -> 320977.43
A53: LGIA CAPITAL FORECAST | B53: 2017 | C53: 2018 | D53: =D4 -> 2019
A54: LGIA Capital | B54: -96.22 | C54: 10000 | D54: 10000
B55: ="FY"&(B30) -> FY2017 | C55: ="FY"&(C30) -> FY2018 | D55: ="FY"&(D30) -> FY2019

Sheet Repayment Inputs
A1: TRANSMISSION - REPAYMENT INPUT FILE
B2: Lookups: | C2: ="FY "&C$4 -> FY 2018 | D2: ="FY "&D$4 -> FY 2019
C3: BP18 RC
C4: 2018 | D4: =C4+1 -> 2019
A5: INTEREST
A6: FEDERAL
B7: APPROPRIATION INTEREST | C7: 1658.904 | D7: 1517.891
B8: BOND INTEREST | C8: 100775.68 | D8: 105638.01
B9: DISCOUNTS | C9: 0 | D9: 0
B10: PREMIUMS | C10: 0 | D10: 555.708
B11: INTEREST INCOME | C11: 223.274 | D11: 959.235
B12: BLANK
B13: BLANK
B14: FEDERAL SUB-TOTAL | C14: =SUM(C7:C10) -> 102434.58 | D14: =SUM(D7:D10) -> 107711.61
A15: NON-FEDERAL
B16: CAPITAL LEASES | C16: 2209.158 | D16: 2113.593
B17: DEBT SERVICE REASSIGNMENT | C17: 13964.23 | D17: 5110.846
B18: MASTER LEASE | C18: 5815.502 | D18: 12696.284
B19: NIFC | C19: 12727.728 | D19: 12727.728
B20: PORT OF MORROW | C20: 23085.004 | D20: 23066.874
B21: PORT OF MORROW LC | C21: 30043.571 | D21: 39340.196
B22: LGIA | C22: 4369.3253 | D22: 4172
B23: COI | C23: 16.52089 | D23: 0
B24: ADJUSTMENTS | C24: -5207.562 | D24: -660.823
B25: IDAHO ENERGY RESOURCE AUTHORITY | C25: 4096.41 | D25: 4096.41
B26: NON FEDERAL SUB-TOTAL | C26: =SUM(C16:C25) -> 91119.887 | D26: =SUM(D16:D25) -> 102663.11
A28: PRINCIPAL
A29: FEDERAL
B30: APPROPRIATIONS | C30: 1955.794 | D30: 21052.574
B31: BONDS | C31: 45950 | D31: 213963.24
B32: BLANK
B33: FEDERAL SUB-TOTAL | C33: =SUM(C30:C31) -> 47905.794 | D33: =SUM(D30:D31) -> 235015.81
A34: NON-FEDERAL
B35: CAPITAL LEASES | C35: 1873.598 | D35: 1776.001
B36: DEBT SERVICE REASSIGNMENT | C36: 191503.62 | D36: 4837.52
B37: IDAHO ENERGY RESOURCE AUTHORITY | C37: 0 | D37: 0
B38: NIFC | C38: 0 | D38: 0
B39: PORT OF MORROW | C39: 0 | D39: 10690
B40: PORT OF MORROW LC | C40: 0 | D40: 0
B41: LGIA REVENUES/CREDITS | C41: 14904.018 | D41: 14766.86
B42: COI REVENUES/CREDITS | C42: 2352.3933 | D42: 0
B43: MASTER LEASE | C43: 0 | D43: 0
B44: BLANK
B45: NON FEDERAL SUB-TOTAL | C45: =SUM(C35:C40)+C43 -> 193377.22 | D45: =SUM(D35:D40)+D43 -> 17303.521
B46: NON-FEDERAL WITHOUT DSR AND LGIA/COI CREDITS | C46: =-(C35+C37+C38+C39+C40+C43) -> -1873.598 | D46: =-(D35+D37+D38+D39+D40+D43) -> -12466.001

Sheet AFUDC
A1: TRANSMISSION - AFUDC INPUT FILE
A2: AFUDC Rate Source: | B2: 0.0305
A3: Corp Allocation: | B3: 0.65
C4: Lookups: | D4: 2017 | E4: =D4+1 -> 2018 | F4: =E4+1 -> 2019
C5: Historical | E5: BP18 RC
C6: 2016 | D6: ="FY"&($C$6+1) -> FY2017 | E6: ="FY"&($C$6+2) -> FY2018 | F6: ="FY"&($C$6+3) -> FY2019
A7: TREASURY & LEASE FINANCING
A8: TRANS CAPITAL EXPENDITURES | D8: =SUM((HLOOKUP(D$4,'Capital Input File'!$B$13:$D$18,2,FALSE)),(HLOOKUP(D$4,'Capital Input File'!$B$13:$D$18,3,FALSE)),(HLOOKUP(D$4,'Capital Input File'!$B$13:$D$18,4,FALSE)),(HLOOKUP(D$4,'Capital Input File'!$B$13:$D$18,5,FALSE)),(HLOOKUP(D$4,'Capital Input File'!$B$13:$D$18,6,FALSE))) -> 470700.14 | E8: =SUM((HLOOKUP(E$4,'Capital Input File'!$B$13:$D$18,2,FALSE)),(HLOOKUP(E$4,'Capital Input File'!$B$13:$D$18,3,FALSE)),(HLOOKUP(E$4,'Capital Input File'!$B$13:$D$18,4,FALSE)),(HLOOKUP(E$4,'Capital Input File'!$B$13:$D$18,5,FALSE)),(HLOOKUP(E$4,'Capital Input File'!$B$13:$D$18,6,FALSE))) -> 470545.22 | F8: =SUM((HLOOKUP(F$4,'Capital Input File'!$B$13:$D$18,2,FALSE)),(HLOOKUP(F$4,'Capital Input File'!$B$13:$D$18,3,FALSE)),(HLOOKUP(F$4,'Capital Input File'!$B$13:$D$18,4,FALSE)),(HLOOKUP(F$4,'Capital Input File'!$B$13:$D$18,5,FALSE)),(HLOOKUP(F$4,'Capital Input File'!$B$13:$D$18,6,FALSE))) -> 486228.01
A9: PLANT-IN-SERVICE | D9: 480954.65 | E9: 449623.14 | F9: 506406.79
A10: SOY CWIP BALANCE | D10: =C11 -> 800632.26 | E10: =D11 -> 790377.76 | F10: =E11 -> 811299.84
A11: EOY CWIP BALANCE | C11: 800632.26 | D11: =D8-D9+D10 -> 790377.76 | E11: =E8-E9+E10 -> 811299.84 | F11: =F8-F9+F10 -> 791121.05
A12: AVERAGE CWIP BALANCE | D12: =((D11+D10)*0.5) -> 795505.01 | E12: =((E11+E10)*0.5) -> 800838.8 | F12: =((F11+F10)*0.5) -> 801210.44
A14: AFUDC RATE | D14: =$B$2 -> 0.0305 | E14: =D14+D15 -> 0.0305 | F14: =E14+E15 -> 0.0305
A15: AFUDC FORWARD FORECAST ADJUSTMENT | D15: 0 | E15: 0 | F15: 0.0005
A16: AFUDC | D16: =(D12)*D14 -> 24262.903 | E16: =(E12)*E14 -> 24425.583 | F16: =(F12)*F14 -> 24436.919
A18: CORPORATE CAPITAL (65% of Total) | D18: =HLOOKUP(D$4,'Capital Input File'!$B$30:$D$32,3,FALSE) -> 5601.7 | E18: =HLOOKUP(E$4,'Capital Input File'!$B$30:$D$32,3,FALSE) -> 10530 | F18: =HLOOKUP(F$4,'Capital Input File'!$B$30:$D$32,3,FALSE) -> 10530
A19: CORPORATE AFUDC | D19: =D18*D14 -> 170.85185 | E19: =((D18+E18)*0.5)*E14 -> 246.00843 | F19: =((E18+F18)*0.5)*F14 -> 321.165
A20: TOTAL TREASURY AND LEASE FINANCING TRANS AFUDC | C20: =C34+C35 -> 30997.704 | D20: =D19+D16 -> 24433.755 | E20: =E19+E16 -> 24671.592 | F20: =F19+F16 -> 24758.084
A22: LGIA AFUDC
A23: LGIA CAPITAL EXPENDITURES | D23: =HLOOKUP(D$4,'Capital Input File'!$B$53:$D$54,2,FALSE) -> -96.22 | E23: =HLOOKUP(E$4,'Capital Input File'!$B$53:$D$54,2,FALSE) -> 10000 | F23: =HLOOKUP(F$4,'Capital Input File'!$B$53:$D$54,2,FALSE) -> 10000
A24: LGIA PLANT-IN-SERVICE | D24: -96.22 | E24: 10000 | F24: 10000
A25: SOY CWIP BALANCE | D25: =C26 -> 2007.642 | E25: =D26 -> 2007.642 | F25: =E26 -> 2007.642
A26: EOY CWIP BALANCE | C26: 2007.642 | D26: =D23-D24+D25 -> 2007.642 | E26: =E23-E24+E25 -> 2007.642 | F26: =F23-F24+F25 -> 2007.642
A27: AVERAGE CWIP BALANCE | D27: =((D25+D26)*0.5) -> 2007.642 | E27: =((E25+E26)*0.5) -> 2007.642 | F27: =((F25+F26)*0.5) -> 2007.642
B28: TOTAL LGIA AFUDC | C28: =C36 -> 43.94149 | D28: =D27*D14 -> 61.233079 | E28: =E27*E14 -> 61.233079 | F28: =F27*F14 -> 61.233079
A29: TOTAL AFUDC | C29: =C28+C20 -> 31041.645 | D29: =D28+D20 -> 24494.988 | E29: =E28+E20 -> 24732.825 | F29: =F28+F20 -> 24819.317
B31: Historical | C31: 2016
B32: AFUDC (ACTUALS) | C32: =SUM(C34:C36) -> 31041.645
C33: =C32/C29 -> 1
B34: REGULAR | C34: 17028.255
B35: LEASE FINANCING | C35: 13969.448
B36: LGIA | C36: 43.94149

Sheet Interest Income
A1: TRANSMISSION - INTEREST INCOME INPUT FILE
D2: 2017 | E2: =D2+1 -> 2018 | F2: =E2+1 -> 2019
A3: RESERVES FOR RISK
A4: ANNUAL CASH SURPLUS/(DEFICIT) | E4: =+HLOOKUP(E$2,'Revenue Requirement'!$F$3:$G$70,66,FALSE) -> 0 | F4: =+HLOOKUP(F$2,'Revenue Requirement'!$F$3:$G$70,66,FALSE) -> 0
A5: ADJUSTMENTS TO CASH | D5: -15000 | E5: -15000 | F5: -15000
A6: START OF YEAR CASH BALANCE | D6: 444000 | E6: =D7 -> 402000 | F6: =E7 -> 387000
A7: END OF YEAR CASH BALANCE | D7: =D8 -> 402000 | E7: =SUM(E4:E6) -> 387000 | F7: =SUM(F4:F6) -> 372000
A8: QTRLY FORECAST - END OF YEAR CASH BALANCE | D8: 402000
A9: AVERAGE CASH BALANCE | D9: =ROUND((D7+D6)*0.5,0) -> 423000 | E9: =ROUND((E7+E6)*0.5,0) -> 394500 | F9: =ROUND((F7+F6)*0.5,0) -> 379500
A10: INTEREST INCOME RATE | D10: 0.00172 | E10: 0.00446 | F10: 0.00663
A11: ANNUAL INTEREST INCOME | D11: =D9*D10 -> 727.56 | E11: =E9*E10 -> 1759.47 | F11: =F9*F10 -> 2516.085
A12: REPAYMENT STUDY INTEREST INCOME | D12: 131.019 | E12: =HLOOKUP(E$2,'Repayment Inputs'!$C$4:$D$11,8,FALSE) -> 223.274 | F12: =HLOOKUP(F$2,'Repayment Inputs'!$C$4:$D$11,8,FALSE) -> 959.235
A14: RESERVES NOT FOR RISK
A15: START OF YEAR CASH BALANCE | D15: 73000 | E15: =D16 -> 63000 | F15: =E16 -> 40000
A16: END OF YEAR CASH BALANCE | D16: =D17 -> 63000 | E16: 40000 | F16: =E16 -> 40000
A17: QTRLY FORECAST - END OF YEAR CASH BALANCE | D17: 63000
A18: AVERAGE CASH BALANCE | D18: =ROUND((D16+D15)*0.5,0) -> 68000 | E18: =ROUND((E16+E15)*0.5,0) -> 51500 | F18: =ROUND((F16+F15)*0.5,0) -> 40000
A19: RNFR ANNUAL INTEREST INCOME | D19: =D18*D10 -> 116.96 | E19: =E18*E10 -> 229.69 | F19: =F18*F10 -> 265.2
A20: TRUSTEE INTEREST INCOME ADDER | D20: 200 | E20: 200 | F20: 200
A22: TOTAL INTEREST INCOME | D22: =D11+D12+D19+D20 -> 1175.539 | E22: =E11+E12+E19+E20 -> 2412.434 | F22: =F11+F12+F19+F20 -> 3940.52

Sheet Ancillary Services
A1: TRANSMISSION - REVENUE REQUIREMENTS FOR ANCILLARY SERVICES
D2: Total | E2: Scheduling,
D3: Ancillary | E3: Syst Control,
D4: Services | E4: & Dispatch
B5: 2018
B6: DIRECT O&M | D6: =E6 -> 69879.38 | E6: =SUM((HLOOKUP($B5,'Expense Input File'!$A$12:$E$44,3,FALSE)),(HLOOKUP($B5,'Expense Input File'!$A$12:$E$44,4,FALSE)),(HLOOKUP($B5,'Expense Input File'!$A$12:$E$44,5,FALSE)),(HLOOKUP($B5,'Expense Input File'!$A$12:$E$44,6,FALSE)),(HLOOKUP($B5,'Expense Input File'!$A$12:$E$44,24,FALSE)),(HLOOKUP($B5,'Expense Input File'!$A$12:$E$44,25,FALSE)),(HLOOKUP($B5,'Expense Input File'!$A$12:$E$44,26,FALSE)),(HLOOKUP($B5,'Expense Input File'!$A$12:$E$44,27,FALSE)),(HLOOKUP($B5,'Expense Input File'!$A$12:$E$44,28,FALSE)))-(HLOOKUP($B5,'Expense Input File'!$A$12:$E$44,8,FALSE))-(HLOOKUP($B5,'Expense Input File'!$A$12:$E$44,33,FALSE)) -> 69879.38
B7: O&M OVERHEADS | D7: =SUM('18 Seg Dev'!$K$41:$K$44) -> 58992.803 | E7: =D7 -> 58992.803
B8: NON-BBL /Acq. & Ancillary | D8: =SUM('18 Seg Dev'!$K$57,'18 Seg Dev'!$K$59:$K$60) -> 5190.4303 | E8: =D8-(HLOOKUP(B5,'Expense Input File'!$A$45:$E$67,23,FALSE)) -> 5190.4303
B9: TOTAL O&M | D9: =SUM(D6:D8) -> 134062.61 | E9: =SUM(E6:E8) -> 134062.61
B10: GENERATION INPUTS | D10: =HLOOKUP(B5,'Expense Input File'!$A$45:$E$66,2,FALSE) -> 95479.666 | E10: 0
B11: DEPRECIATION | D11: =E11 -> 32525.139 | E11: ='18 Seg Dev'!$K$23 -> 32525.139
B12: NET INTEREST | D12: =E12 -> 3923.8461 | E12: ='18 Seg Dev'!$K$11 -> 3923.8461
B13: PLANNED NET REVENUES | D13: =E13 -> 104.85059 | E13: ='18 Seg Dev'!$K$18 -> 104.85059
B14: TOTAL REVENUE REQUIREMENT | D14: =SUM(D9:D13) -> 266096.11 | E14: =SUM(E9:E13) -> 170616.45
B16: 2019
B17: DIRECT O&M | D17: =E17 -> 71472.781 | E17: =SUM((HLOOKUP($B16,'Expense Input File'!$A$12:$E$44,3,FALSE)),(HLOOKUP($B16,'Expense Input File'!$A$12:$E$44,4,FALSE)),(HLOOKUP($B16,'Expense Input File'!$A$12:$E$44,5,FALSE)),(HLOOKUP($B16,'Expense Input File'!$A$12:$E$44,6,FALSE)),(HLOOKUP($B16,'Expense Input File'!$A$12:$E$44,24,FALSE)),(HLOOKUP($B16,'Expense Input File'!$A$12:$E$44,25,FALSE)),(HLOOKUP($B16,'Expense Input File'!$A$12:$E$44,26,FALSE)),(HLOOKUP($B16,'Expense Input File'!$A$12:$E$44,27,FALSE)),(HLOOKUP($B16,'Expense Input File'!$A$12:$E$44,28,FALSE)))-(HLOOKUP($B16,'Expense Input File'!$A$12:$E$44,8,FALSE))-(HLOOKUP($B16,'Expense Input File'!$A$12:$E$44,33,FALSE)) -> 71472.781
B18: O&M OVERHEADS | D18: =SUM('19 Seg Dev'!$K$41:$K$44) -> 59744.607 | E18: =D18 -> 59744.607
B19: NON-BBL /Acq. & Ancillary | D19: =SUM('19 Seg Dev'!$K$57,'19 Seg Dev'!$K$59:$K$60) -> 5190.6782 | E19: =D19-(HLOOKUP(B16,'Expense Input File'!$A$45:$E$67,23,FALSE)) -> 5190.6782
B20: TOTAL O&M | D20: =SUM(D17:D19) -> 136408.07 | E20: =SUM(E17:E19) -> 136408.07
B21: GENERATION INPUTS | D21: =HLOOKUP(B16,'Expense Input File'!$A$45:$E$66,2,FALSE) -> 88569.485 | E21: 0
B22: DEPRECIATION | D22: =E22 -> 34362.321 | E22: ='19 Seg Dev'!$K$23 -> 34362.321
B23: NET INTEREST | D23: =E23 -> 4774.4722 | E23: ='19 Seg Dev'!$K$11 -> 4774.4722
B24: PLANNED NET REVENUES | D24: =E24 -> -57.834802 | E24: ='19 Seg Dev'!$K$18 -> -57.834802
B25: TOTAL REVENUE REQUIREMENT | D25: =SUM(D20:D24) -> 264056.51 | E25: =SUM(E20:E24) -> 175487.03

Sheet 18 Seg Dev
A1: TRANSMISSION - 2018 Segmented Revenue Requirement
A2: 2018 | D2: TOTAL | E2: GENERATION INTEGRATION | F2: NETWORK | G2: SOUTHERN INTERTIE | H2: EASTERN INTERTIE | I2: UTILITY DELIVERY | J2: DSI DELIVERY | K2: ANCILLARY SERVICES
A3: CAPITAL RELATED COSTS SEGMENTATION
A4: FCRTS INVESTMENT BASE | D4: =SUM(E4:K4) -> 5802497.5 | E4: 85596.113 | F4: 4721525.1 | G4: 731887.32 | H4: 88058.769 | I4: 10704.759 | J4: 6504.6181 | K4: 158220.77
A5: PERCENT ALLOCATION | D5: =SUM(E5:K5) -> 1 | E5: =E4/D4 -> 0.014751598 | F5: =F4/D4 -> 0.81370567 | G5: =G4/D4 -> 0.12613316 | H5: =H4/D4 -> 0.015176012 | I5: =I4/D4 -> 0.0018448538 | J5: =J4/D4 -> 0.0011210032 | K5: =K4/D4 -> 0.027267702
A6: INTEREST EXPENSE
B7: LGIA INTEREST | D7: =SUM(E7:K7) -> 4385.8462 | F7: =HLOOKUP($A$2,'Repayment Inputs'!$B$4:$D$26,19,FALSE) -> 4369.3253 | G7: =HLOOKUP($A$2,'Repayment Inputs'!$B$4:$D$26,20,FALSE) -> 16.52089
B8: LGIA AFUDC | D8: =SUM(E8:K8) -> -61.233079 | F8: =-(HLOOKUP($A$2,AFUDC!$D$4:$F$29,25,FALSE)) -> -61.233079
B9: LGIA NET INTEREST | D9: =SUM(E9:K9) -> 4324.6131 | F9: =SUM(F7:F8) -> 4308.0922 | G9: =SUM(G7:G8) -> 16.52089
A10: REMAINING NET INTEREST EXPENSE | D10: =HLOOKUP($A$2,'Revenue Requirement'!$A$3:$G$27,25,FALSE)-$D$9 -> 143900.87 | E10: =D10*E5 -> 2122.7678 | F10: =D10*F5 -> 117092.95 | G10: =D10*G5 -> 18150.671 | H10: =D10*H5 -> 2183.8413 | I10: =D10*I5 -> 265.47606 | J10: =D10*J5 -> 161.31333 | K10: =D10*K5 -> 3923.8461
A11: TOTAL NET INTEREST EXPENSE | D11: =D10+D9 -> 148225.48 | E11: =E10+E9 -> 2122.7678 | F11: =F10+F9 -> 121401.05 | G11: =G10+G9 -> 18167.192 | H11: =H10+H9 -> 2183.8413 | I11: =I10+I9 -> 265.47606 | J11: =J10+J9 -> 161.31333 | K11: =K10+K9 -> 3923.8461
A12: PLANNED NET REVENUE
B13: LGIA REVENUE CREDITS | F13: =HLOOKUP($A$2,'Repayment Inputs'!$A$4:$D$45,38,FALSE) -> 14904.018 | G13: =HLOOKUP($A$2,'Repayment Inputs'!$A$4:$D$45,39,FALSE) -> 2352.3933
B14: LGIA NET INTEREST | F14: =F9 -> 4308.0922 | G14: =G9 -> 16.52089
B15: LGIA DEPRECIATION | F15: 7870.5196 | G15: 280.25324
B16: LGIA MINIMUM REQUIRED NET REVENUES | D16: =F16+G16 -> 4781.0252 | F16: =F13-F14-F15 -> 2725.406 | G16: =G13-G14-G15 -> 2055.6192
A17: REMAINING PLANNED NET REVENUE FOR RISK | D17: =HLOOKUP($A$2,'Revenue Requirement'!$A$3:$G$33,31,FALSE)-$D$16 -> 3845.2302 | E17: =D17*E5 -> 56.723292 | F17: =D17*F5 -> 3128.8856 | G17: =D17*G5 -> 485.01102 | H17: =D17*H5 -> 58.355258 | I17: =D17*I5 -> 7.0938874 | J17: =D17*J5 -> 4.3105152 | K17: =D17*K5 -> 104.85059
A18: TOTAL MINIMUM REQUIRED NET REVENUE | D18: =D17+D16 -> 8626.2554 | E18: =E17+E16 -> 56.723292 | F18: =F17+F16 -> 5854.2916 | G18: =G17+G16 -> 2540.6302 | H18: =H17+H16 -> 58.355258 | I18: =I17+I16 -> 7.0938874 | J18: =J17+J16 -> 4.3105152 | K18: =K17+K16 -> 104.85059
A19: DEPRECIATION
A20: DIRECT DEPRECIATION | D20: =SUM(E20:K20) -> 189614.55 | E20: 2439 | F20: 147452.55 | G20: 23256 | H20: 2748 | I20: 299 | J20: 181 | K20: 13239
A21: PERCENTAGE OF DIRECT O&M W/OUT AS | D21: =SUM(E21:K21) -> 1 | E21: =E39/D39 -> 0.014578945 | F21: =F39/D39 -> 0.63094495 | G21: =G39/D39 -> 0.081683971 | H21: =H39/D39 -> 0.011294967 | I21: =I39/D39 -> 0.0035302886 | J21: =J39/D39 -> 0.0021777732 | K21: =K39/D39 -> 0.25578911
A22: TS GENERAL PLANT DEPRECATION | D22: 75398.594 | E22: =D22*E21 -> 1099.232 | F22: =D22*F21 -> 47572.361 | G22: =D22*G21 -> 6158.8565 | H22: =D22*H21 -> 851.6246 | I22: =D22*I21 -> 266.1788 | J22: =D22*J21 -> 164.20104 | K22: =D22*K21 -> 19286.139
A23: TOTAL DEPRECIATION EXPENSE | D23: =SUM(E23:K23) -> 273163.92 | E23: =E22+E20 -> 3538.232 | F23: =F22+F20+F15 -> 202895.43 | G23: =G22+G20+G15 -> 29695.11 | H23: =H22+H20 -> 3599.6246 | I23: =I22+I20 -> 565.1788 | J23: =J22+J20 -> 345.20104 | K23: =K22+K20 -> 32525.139
A25: O&M SEGMENTATION
A26: 2009-2015 SEGMENTATION STUDY AVERAGES
A27: 7-YEAR AVERAGE O&M: LINES | D27: =SUM(E27:J27) -> 50348.331 | E27: 467.93587 | F27: 45546.994 | G27: 2368.6921 | H27: 1956.1073 | I27: 8.6021782 | J27: 0
A28: 7-YEAR AVERAGE O&M: SUBSTATIONS | D28: =SUM(E28:J28) -> 116680.98 | E28: 2821.935 | F28: 95922.828 | G28: 16064.035 | H28: 592.70405 | I28: 788.03938 | J28: 491.43422
A29: TOTAL 7-YEAR AVERAGE O&M | D29: =SUM(D27:D28) -> 167029.31
A30: SYSTEM OPERATION, MAINTENANCE, ENVIRONMENT
A31: SYSTEM OPERATION | D31: =SUM((HLOOKUP($A$2,'Expense Input File'!$A$12:$E$44,3,FALSE)),(HLOOKUP($A$2,'Expense Input File'!$A$12:$E$44,4,FALSE)),(HLOOKUP($A$2,'Expense Input File'!$A$12:$E$44,5,FALSE)), (HLOOKUP($A$2,'Expense Input File'!$A$12:$E$44,6,FALSE)),(HLOOKUP($A$2,'Expense Input File'!$A$12:$E$44,7,FALSE)))-$K$31-$F$31 -> 25631.825 | F31: =(HLOOKUP($A$2,'Expense Input File'!$A$12:$E$44,33,FALSE)) -> 1100 | K31: =SUM((HLOOKUP($A$2,'Expense Input File'!$A$12:$E$44,3,FALSE)),(HLOOKUP($A$2,'Expense Input File'!$A$12:$E$44,4,FALSE)),(HLOOKUP($A$2,'Expense Input File'!$A$12:$E$44,5,FALSE)), (HLOOKUP($A$2,'Expense Input File'!$A$12:$E$44,6,FALSE)))-(HLOOKUP($A$2,'Expense Input File'!$A$12:$E$44,8,FALSE))-(HLOOKUP($A$2,'Expense Input File'!$A$12:$E$44,33,FALSE)) -> 58549.479
A32: SYSTEM MAINTENANCE | D32: =HLOOKUP($A$2,'Expense Input File'!$A$2:$E$10,4,FALSE) -> 176580.17
A34: TOTAL TO SEGMENT | D34: =SUM(D31:D32) -> 202212
A35: DIRECT LINES O&M | D35: =D34-D36 -> 60953.595 | E35: =(E27/D27)*D35 -> 566.50087 | F35: =(F27/D27)*D35 -> 55140.915 | G35: =(G27/D27)*D35 -> 2867.6283 | H35: =(H27/D27)*D35 -> 2368.1376 | I35: =(I27/D27)*D35 -> 10.414123 | J35: =(J27/D27)*D35 -> 0
A36: DIRECT SUBSTATION O&M | D36: =((D28/D29)*D34) -> 141258.4 | E36: =(E28/D28)*D36 -> 3416.3414 | F36: =(F28/D28)*D36 -> 116127.81 | G36: =(G28/D28)*D36 -> 19447.728 | H36: =(H28/D28)*D36 -> 717.54996 | I36: =(I28/D28)*D36 -> 954.0303 | J36: =(J28/D28)*D36 -> 594.94886
A37: TOTAL DIRECT TRANSMISSION O&M | D37: =SUM(E37:J37) -> 202212 | E37: =SUM(E35:E36) -> 3982.8422 | F37: =SUM(F35:F36) -> 171268.72 | G37: =SUM(G35:G36) -> 22315.357 | H37: =SUM(H35:H36) -> 3085.6875 | I37: =SUM(I35:I36) -> 964.44442 | J37: =SUM(J35:J36) -> 594.94886
A38: SCHEDULING | D38: =K38 -> 11329.901 | K38: =SUM((HLOOKUP($A$2,'Expense Input File'!$A$12:$E$44,24,FALSE)),(HLOOKUP($A$2,'Expense Input File'!$A$12:$E$44,25,FALSE)),(HLOOKUP($A$2,'Expense Input File'!$A$12:$E$44,26,FALSE)),(HLOOKUP($A$2,'Expense Input File'!$A$12:$E$44,27,FALSE)),(HLOOKUP($A$2,'Expense Input File'!$A$12:$E$44,28,FALSE))) -> 11329.901
A39: TOTAL DIRECT O&M (w/AS) | D39: =SUM(E39:K39) -> 273191.38 | E39: =E37 -> 3982.8422 | F39: =F37+F31 -> 172368.72 | G39: =G37 -> 22315.357 | H39: =H37 -> 3085.6875 | I39: =I37 -> 964.44442 | J39: =J37 -> 594.94886 | K39: =K38+K31 -> 69879.38
A40: OVERHEAD CATEGORIES
A41: MARKETING | D41: =SUM((HLOOKUP($A$2,'Expense Input File'!$A$12:$E$44,10,FALSE)),(HLOOKUP($A$2,'Expense Input File'!$A$12:$E$44,11,FALSE)),(HLOOKUP($A$2,'Expense Input File'!$A$12:$E$44,12,FALSE)),(HLOOKUP($A$2,'Expense Input File'!$A$12:$E$44,13,FALSE))) -> 15825.591 | E41: =(E39/D39)*D41 -> 230.72043 | F41: =(F39/D39)*D41 -> 9985.0766 | G41: =(G39/D39)*D41 -> 1292.6971 | H41: =(H39/D39)*D41 -> 178.74952 | I41: =(I39/D39)*D41 -> 55.868904 | J41: =(J39/D39)*D41 -> 34.464548 | K41: =(K39/D39)*D41 -> 4048.0138
A42: BUSINESS SUPPORT | D42: =SUM((HLOOKUP($A$2,'Expense Input File'!$A$12:$E$43,14,FALSE)),(HLOOKUP($A$2,'Expense Input File'!$A$12:$E$43,16,FALSE)),(HLOOKUP($A$2,'Expense Input File'!$A$12:$E$43,17,FALSE)),(HLOOKUP($A$2,'Expense Input File'!$A$12:$E$43,18,FALSE)),(HLOOKUP($A$2,'Expense Input File'!$A$12:$E$43,19,FALSE)),(HLOOKUP($A$2,'Expense Input File'!$A$12:$E$43,20,FALSE)),(HLOOKUP($A$2,'Expense Input File'!$A$12:$E$43,21,FALSE)),(HLOOKUP($A$2,'Expense Input File'!$A$12:$E$43,30,FALSE)),(HLOOKUP($A$2,'Expense Input File'!$A$12:$E$43,31,FALSE)),(HLOOKUP($A$2,'Expense Input File'!$A$12:$E$43,32,FALSE))) -> 54613.205 | E42: =(E39/D39)*D42 -> 796.20294 | F42: =(F39/D39)*D42 -> 34457.926 | G42: =(G39/D39)*D42 -> 4461.0234 | H42: =(H39/D39)*D42 -> 616.85433 | I42: =(I39/D39)*D42 -> 192.80038 | J42: =(J39/D39)*D42 -> 118.93517 | K42: =(K39/D39)*D42 -> 13969.463
A43: SYSTEM ENGINEERING | D43: =HLOOKUP($A$2,'Expense Input File'!$A$2:$E$10,3,FALSE) -> 56350.643 | E43: =(E39/D39)*(D43-(HLOOKUP($A$2,'Expense Input File'!$A$2:$E$10,9,FALSE))) -> 734.09779 | F43: =(F39/D39)*(D43-(HLOOKUP($A$2,'Expense Input File'!$A$2:$E$10,9,FALSE))) -> 31770.151 | G43: =(G39/D39)*(D43-(HLOOKUP($A$2,'Expense Input File'!$A$2:$E$10,9,FALSE))) -> 4113.0563 | H43: =(H39/D39)*(D43-(HLOOKUP($A$2,'Expense Input File'!$A$2:$E$10,9,FALSE))) -> 568.73868 | I43: =(I39/D39)*(D43-(HLOOKUP($A$2,'Expense Input File'!$A$2:$E$10,9,FALSE))) -> 177.76163 | J43: =(J39/D39)*(D43-(HLOOKUP($A$2,'Expense Input File'!$A$2:$E$10,9,FALSE))) -> 109.65803 | K43: =((K39/D39)*(D43-(HLOOKUP($A$2,'Expense Input File'!$A$2:$E$10,9,FALSE))))+(HLOOKUP($A$2,'Expense Input File'!$A$2:$E$10,9,FALSE)) -> 18877.18
A44: CORPORATE/OTHER | D44: =SUM((HLOOKUP($A$2,'Expense Input File'!$A$2:$E$10,7,FALSE)),(HLOOKUP($A$2,'Expense Input File'!$A$2:$E$10,8,FALSE))) -> 86392.052 | E44: =(E39/D39)*D44 -> 1259.505 | F44: =(F39/D39)*D44 -> 54508.629 | G44: =(G39/D39)*D44 -> 7056.8458 | H44: =(H39/D39)*D44 -> 975.79535 | I44: =(I39/D39)*D44 -> 304.98888 | J44: =(J39/D39)*D44 -> 188.14229 | K44: =(K39/D39)*D44 -> 22098.146
A45: OVERHEAD SUB-TOTAL | D45: =SUM(D41:D44) -> 213181.49 | E45: =SUM(E41:E44) -> 3020.5262 | F45: =SUM(F41:F44) -> 130721.78 | G45: =SUM(G41:G44) -> 16923.623 | H45: =SUM(H41:H44) -> 2340.1379 | I45: =SUM(I41:I44) -> 731.41979 | J45: =SUM(J41:J44) -> 451.20005 | K45: =SUM(K41:K44) -> 58992.803
A46: TOTAL O&M | D46: =D45+D39 -> 486372.87 | E46: =E45+E39 -> 7003.3684 | F46: =F45+F39 -> 303090.5 | G46: =G45+G39 -> 39238.979 | H46: =H45+H39 -> 5425.8254 | I46: =I45+I39 -> 1695.8642 | J46: =J45+J39 -> 1046.1489 | K46: =K45+K39 -> 128872.18
A47: ANCILLARY SERVICES
A48: BBL -PAYMENTS TO POWER SERVICES
A49: CORPS/BUREAU TRANSMISSION | D49: =(HLOOKUP($A$2,'Expense Input File'!$A$12:$E$65,37,FALSE)) -> 8867 | F49: 8675.2964 | I49: 191.70364
A50: GEN DROPPING | D50: =(HLOOKUP($A$2,'Expense Input File'!$A$12:$E$65,38,FALSE)) -> 589.232 | G50: =D50 -> 589.232
A51: REDISPATCH | D51: =(HLOOKUP($A$2,'Expense Input File'!$A$12:$E$65,41,FALSE)) -> 225 | F51: =D51 -> 225
A52: SYNCHRONOUS CONDENSERS | D52: =(HLOOKUP($A$2,'Expense Input File'!$A$12:$E$65,39,FALSE)) -> 1272.635 | F52: 801.60427 | G52: 471.03073
A53: STATION SERVICE | D53: =HLOOKUP($A$2,'Expense Input File'!$A$12:$E$66,42,FALSE) -> 1996.009 | E53: =(E28/D28)*D53 -> 48.273574 | F53: =(F28/D28)*D53 -> 1640.9087 | G53: =(G28/D28)*D53 -> 274.80022 | H53: =(H28/D28)*D53 -> 10.139122 | I53: =(I28/D28)*D53 -> 13.480636 | J53: =(J28/D28)*D53 -> 8.4067443
A54: GENERATION INPUTS | D54: =K54 -> 95479.666 | K54: =HLOOKUP($A$2,'Expense Input File'!$A$12:$E$65,35,FALSE) -> 95479.666
A55: BBL- SUBTOTAL | D55: =SUM(D49:D54) -> 108429.54 | E55: =SUM(E49:E54) -> 48.273574 | F55: =SUM(F49:F54) -> 11342.809 | G55: =SUM(G49:G54) -> 1335.0629 | H55: =SUM(H49:H54) -> 10.139122 | I55: =SUM(I49:I54) -> 205.18427 | J55: =SUM(J49:J54) -> 8.4067443 | K55: =SUM(K49:K54) -> 95479.666
A56: NON-BBL - PAYMENTS TO OTHERS
A57: NON BBL ANCILLARY SERVICES (NBBL) | D57: =SUM(E57:K57) -> 96.72 | E57: =(HLOOKUP($A$2,'Expense Input File'!$A$45:$E$67,22,FALSE))*E5 -> 1.4267746 | F57: =(HLOOKUP($A$2,'Expense Input File'!$A$45:$E$67,22,FALSE))*F5 -> 78.701613 | G57: =(HLOOKUP($A$2,'Expense Input File'!$A$45:$E$67,22,FALSE))*G5 -> 12.199599 | H57: =(HLOOKUP($A$2,'Expense Input File'!$A$45:$E$67,22,FALSE))*H5 -> 1.4678238 | I57: =(HLOOKUP($A$2,'Expense Input File'!$A$45:$E$67,22,FALSE))*I5 -> 0.17843426 | J57: =(HLOOKUP($A$2,'Expense Input File'!$A$45:$E$67,22,FALSE))*J5 -> 0.10842343 | K57: =((HLOOKUP($A$2,'Expense Input File'!$A$45:$E$67,22,FALSE))*K5)+(HLOOKUP($A$2,'Expense Input File'!$A$45:$E$67,23,FALSE)) -> 2.6373322
A58: LEASED FACILITIES (NBBL) | D58: =HLOOKUP($A$2,'Expense Input File'!$A$12:$E$65,46,FALSE) -> 5746.061 | F58: =D58 -> 5746.061
A59: SETTLEMENT AGREEMENTS (NBBL) | D59: =HLOOKUP($A$2,'Expense Input File'!$A$12:$E$65,47,FALSE) -> 0 | E59: =(E39/D39)*D59 -> 0 | F59: =(F39/D39)*D59 -> 0 | G59: =(G39/D39)*D59 -> 0 | H59: =(H39/D39)*D59 -> 0 | I59: =(I39/D39)*D59 -> 0 | J59: =(J39/D39)*D59 -> 0 | K59: =(K39/D39)*D59 -> 0
A60: TRANSMISSION RENEWABLES (NBBL) | D60: =HLOOKUP($A$2,'Expense Input File'!$A$12:$E$65,48,FALSE) -> 5187.793 | K60: =D60 -> 5187.793
A61: NON-BBL- SUBTOTAL | D61: =SUM(D57:D60) -> 11030.574 | E61: =SUM(E57:E60) -> 1.4267746 | F61: =SUM(F57:F60) -> 5824.7626 | G61: =SUM(G57:G60) -> 12.199599 | H61: =SUM(H57:H60) -> 1.4678238 | I61: =SUM(I57:I60) -> 0.17843426 | J61: =SUM(J57:J60) -> 0.10842343 | K61: =SUM(K57:K60) -> 5190.4303
A62: TOTAL TRANS ACQ AND ANCILLARY | D62: =SUM(E62:K62) -> 119460.12 | E62: =E61+E55 -> 49.700349 | F62: =F61+F55 -> 17167.572 | G62: =G61+G55 -> 1347.2625 | H62: =H61+H55 -> 11.606946 | I62: =I61+I55 -> 205.36271 | J62: =J61+J55 -> 8.5151677 | K62: =K61+K55 -> 100670.1

Sheet 19 Seg Dev
A1: TRANSMISSION - 2019 Segmented Revenue Requirement
A2: 2019 | D2: TOTAL | E2: GENERATION INTEGRATION | F2: NETWORK | G2: SOUTHERN INTERTIE | H2: EASTERN INTERTIE | I2: UTILITY DELIVERY | J2: DSI DELIVERY | K2: ANCILLARY SERVICES
A3: CAPITAL RELATED COSTS SEGMENTATION
A4: FCRTS INVESTMENT BASE | D4: =SUM(E4:K4) -> 5945000.3 | E4: 83207.088 | F4: 4853917 | G4: 728375.1 | H4: 85421.013 | I4: 10412.95 | J4: 6328.0944 | K4: 177339.04
A5: PERCENT ALLOCATION | D5: =SUM(E5:K5) -> 1 | E5: =E4/D4 -> 0.013996145 | F5: =F4/D4 -> 0.81647044 | G5: =G4/D4 -> 0.12251894 | H5: =H4/D4 -> 0.014368547 | I5: =I4/D4 -> 0.0017515475 | J5: =J4/D4 -> 0.0010644397 | K5: =K4/D4 -> 0.029829947
A6: INTEREST EXPENSE
B7: LGIA INTEREST | D7: =SUM(E7:K7) -> 4172 | F7: =HLOOKUP($A$2,'Repayment Inputs'!$B$4:$D$26,19,FALSE) -> 4172 | G7: =HLOOKUP($A$2,'Repayment Inputs'!$B$4:$D$26,20,FALSE) -> 0
B8: LGIA AFUDC | D8: =SUM(E8:K8) -> -61.233079 | F8: =-(HLOOKUP($A$2,AFUDC!$D$4:$F$29,25,FALSE)) -> -61.233079
B9: LGIA NET INTEREST | D9: =SUM(E9:K9) -> 4110.7669 | F9: =SUM(F7:F8) -> 4110.7669 | G9: =SUM(G7:G8) -> 0
A10: REMAINING NET INTEREST EXPENSE | D10: =HLOOKUP($A$2,'Revenue Requirement'!$A$3:$G$27,25,FALSE)-$D$9 -> 160056.35 | E10: =D10*E5 -> 2240.1719 | F10: =D10*F5 -> 130681.27 | G10: =D10*G5 -> 19609.933 | H10: =D10*H5 -> 2299.777 | I10: =D10*I5 -> 280.34629 | J10: =D10*J5 -> 170.37033 | K10: =D10*K5 -> 4774.4722
A11: TOTAL NET INTEREST EXPENSE | D11: =D10+D9 -> 164167.11 | E11: =E10+E9 -> 2240.1719 | F11: =F10+F9 -> 134792.04 | G11: =G10+G9 -> 19609.933 | H11: =H10+H9 -> 2299.777 | I11: =I10+I9 -> 280.34629 | J11: =J10+J9 -> 170.37033 | K11: =K10+K9 -> 4774.4722
A12: PLANNED NET REVENUE
B13: LGIA REVENUE CREDITS | F13: =HLOOKUP($A$2,'Repayment Inputs'!$A$4:$D$45,38,FALSE) -> 14766.86 | G13: =HLOOKUP($A$2,'Repayment Inputs'!$A$4:$D$45,39,FALSE) -> 0
B14: LGIA NET INTEREST | F14: =F9 -> 4110.7669 | G14: =G9 -> 0
B15: LGIA DEPRECIATION | F15: 8089.4196 | G15: 280.25324
B16: LGIA MINIMUM REQUIRED NET REVENUES | D16: =F16+G16 -> 2286.4204 | F16: =F13-F14-F15 -> 2566.6737 | G16: =G13-G14-G15 -> -280.25324
A17: REMAINING PLANNED NET REVENUE FOR RISK | D17: =HLOOKUP($A$2,'Revenue Requirement'!$A$3:$G$33,31,FALSE)-$D$16 -> -1938.8168 | E17: =D17*E5 -> -27.135962 | F17: =D17*F5 -> -1582.9866 | G17: =D17*G5 -> -237.54177 | H17: =D17*H5 -> -27.85798 | I17: =D17*I5 -> -3.3959298 | J17: =D17*J5 -> -2.0637536 | K17: =D17*K5 -> -57.834802
A18: TOTAL MINIMUM REQUIRED NET REVENUE | D18: =D17+D16 -> 347.60359 | E18: =E17+E16 -> -27.135962 | F18: =F17+F16 -> 983.68703 | G18: =G17+G16 -> -517.79502 | H18: =H17+H16 -> -27.85798 | I18: =I17+I16 -> -3.3959298 | J18: =J17+J16 -> -2.0637536 | K18: =K17+K16 -> -57.834802
A19: DEPRECIATION
A20: DIRECT DEPRECIATION | D20: =SUM(E20:K20) -> 195740.51 | E20: 2439 | F20: 152880.94 | G20: 23553 | H20: 2750 | I20: 299 | J20: 181 | K20: 13637.57
A21: PERCENTAGE OF DIRECT O&M W/OUT AS | D21: =SUM(E21:K21) -> 1 | E21: =E39/D39 -> 0.014535423 | F21: =F39/D39 -> 0.62901851 | G21: =G39/D39 -> 0.081440121 | H21: =H39/D39 -> 0.011261248 | I21: =I39/D39 -> 0.0035197497 | J21: =J39/D39 -> 0.0021712719 | K21: =K39/D39 -> 0.25805368
A22: TS GENERAL PLANT DEPRECATION | D22: 80311.785 | E22: =D22*E21 -> 1167.3658 | F22: =D22*F21 -> 50517.599 | G22: =D22*G21 -> 6540.6015 | H22: =D22*H21 -> 904.41094 | I22: =D22*I21 -> 282.67738 | J22: =D22*J21 -> 174.37872 | K22: =D22*K21 -> 20724.752
A23: TOTAL DEPRECIATION EXPENSE | D23: =SUM(E23:K23) -> 284421.97 | E23: =E22+E20 -> 3606.3658 | F23: =F22+F20+F15 -> 211487.96 | G23: =G22+G20+G15 -> 30373.855 | H23: =H22+H20 -> 3654.4109 | I23: =I22+I20 -> 581.67738 | J23: =J22+J20 -> 355.37872 | K23: =K22+K20 -> 34362.321
A25: O&M SEGMENTATION
A26: 2009-2015 SEGMENTATION STUDY AVERAGES
A27: 7-YEAR AVERAGE O&M: LINES | D27: =SUM(E27:J27) -> 50348.331 | E27: 467.93587 | F27: 45546.994 | G27: 2368.6921 | H27: 1956.1073 | I27: 8.6021782 | J27: 0
A28: 7-YEAR AVERAGE O&M: SUBSTATIONS | D28: =SUM(E28:J28) -> 116680.98 | E28: 2821.935 | F28: 95922.828 | G28: 16064.035 | H28: 592.70405 | I28: 788.03938 | J28: 491.43422
A29: TOTAL 7-YEAR AVERAGE O&M | D29: =SUM(D27:D28) -> 167029.31
A30: SYSTEM OPERATION, MAINTENANCE, ENVIRONMENT
A31: SYSTEM OPERATION | D31: =SUM((HLOOKUP($A$2,'Expense Input File'!$A$12:$E$44,3,FALSE)),(HLOOKUP($A$2,'Expense Input File'!$A$12:$E$44,4,FALSE)),(HLOOKUP($A$2,'Expense Input File'!$A$12:$E$44,5,FALSE)), (HLOOKUP($A$2,'Expense Input File'!$A$12:$E$44,6,FALSE)),(HLOOKUP($A$2,'Expense Input File'!$A$12:$E$44,7,FALSE)))-$K$31-$F$31 -> 26270.814 | F31: =(HLOOKUP($A$2,'Expense Input File'!$A$12:$E$44,33,FALSE)) -> 1100 | K31: =SUM((HLOOKUP($A$2,'Expense Input File'!$A$12:$E$44,3,FALSE)),(HLOOKUP($A$2,'Expense Input File'!$A$12:$E$44,4,FALSE)),(HLOOKUP($A$2,'Expense Input File'!$A$12:$E$44,5,FALSE)), (HLOOKUP($A$2,'Expense Input File'!$A$12:$E$44,6,FALSE)))-(HLOOKUP($A$2,'Expense Input File'!$A$12:$E$44,8,FALSE))-(HLOOKUP($A$2,'Expense Input File'!$A$12:$E$44,33,FALSE)) -> 59715.184
A32: SYSTEM MAINTENANCE | D32: =HLOOKUP($A$2,'Expense Input File'!$A$2:$E$10,4,FALSE) -> 178125.06
A34: TOTAL TO SEGMENT | D34: =SUM(D31:D32) -> 204395.88
A35: DIRECT LINES O&M | D35: =D34-D36 -> 61611.89 | E35: =(E27/D27)*D35 -> 572.61904 | F35: =(F27/D27)*D35 -> 55736.433 | G35: =(G27/D27)*D35 -> 2898.5985 | H35: =(H27/D27)*D35 -> 2393.7133 | I35: =(I27/D27)*D35 -> 10.526594 | J35: =(J27/D27)*D35 -> 0
A36: DIRECT SUBSTATION O&M | D36: =((D28/D29)*D34) -> 142783.99 | E36: =(E28/D28)*D36 -> 3453.2376 | F36: =(F28/D28)*D36 -> 117381.98 | G36: =(G28/D28)*D36 -> 19657.763 | H36: =(H28/D28)*D36 -> 725.29945 | I36: =(I28/D28)*D36 -> 964.33377 | J36: =(J28/D28)*D36 -> 601.37427
A37: TOTAL DIRECT TRANSMISSION O&M | D37: =SUM(E37:J37) -> 204395.88 | E37: =SUM(E35:E36) -> 4025.8566 | F37: =SUM(F35:F36) -> 173118.41 | G37: =SUM(G35:G36) -> 22556.361 | H37: =SUM(H35:H36) -> 3119.0128 | I37: =SUM(I35:I36) -> 974.86036 | J37: =SUM(J35:J36) -> 601.37427
A38: SCHEDULING | D38: =K38 -> 11757.597 | K38: =SUM((HLOOKUP($A$2,'Expense Input File'!$A$12:$E$40,24,FALSE)),(HLOOKUP($A$2,'Expense Input File'!$A$12:$E$40,25,FALSE)),(HLOOKUP($A$2,'Expense Input File'!$A$12:$E$40,26,FALSE)),(HLOOKUP($A$2,'Expense Input File'!$A$12:$E$40,27,FALSE)),(HLOOKUP($A$2,'Expense Input File'!$A$12:$E$40,28,FALSE))) -> 11757.597
A39: TOTAL DIRECT O&M (w/AS) | D39: =SUM(E39:K39) -> 276968.66 | E39: =E37 -> 4025.8566 | F39: =F37+F31 -> 174218.41 | G39: =G37 -> 22556.361 | H39: =H37 -> 3119.0128 | I39: =I37 -> 974.86036 | J39: =J37 -> 601.37427 | K39: =K38+K31 -> 71472.781
A40: OVERHEAD CATEGORIES
A41: MARKETING | D41: =SUM((HLOOKUP($A$2,'Expense Input File'!$A$12:$E$44,10,FALSE)),(HLOOKUP($A$2,'Expense Input File'!$A$12:$E$44,11,FALSE)),(HLOOKUP($A$2,'Expense Input File'!$A$12:$E$44,12,FALSE)),(HLOOKUP($A$2,'Expense Input File'!$A$12:$E$44,13,FALSE))) -> 16376.635 | E41: =(E39/D39)*D41 -> 238.04132 | F41: =(F39/D39)*D41 -> 10301.206 | G41: =(G39/D39)*D41 -> 1333.7151 | H41: =(H39/D39)*D41 -> 184.42135 | I41: =(I39/D39)*D41 -> 57.641657 | J41: =(J39/D39)*D41 -> 35.558128 | K41: =(K39/D39)*D41 -> 4226.0509
A42: BUSINESS SUPPORT | D42: =SUM((HLOOKUP($A$2,'Expense Input File'!$A$12:$E$43,14,FALSE)),(HLOOKUP($A$2,'Expense Input File'!$A$12:$E$43,16,FALSE)),(HLOOKUP($A$2,'Expense Input File'!$A$12:$E$43,17,FALSE)),(HLOOKUP($A$2,'Expense Input File'!$A$12:$E$43,18,FALSE)),(HLOOKUP($A$2,'Expense Input File'!$A$12:$E$43,19,FALSE)),(HLOOKUP($A$2,'Expense Input File'!$A$12:$E$43,20,FALSE)),(HLOOKUP($A$2,'Expense Input File'!$A$12:$E$43,21,FALSE)),(HLOOKUP($A$2,'Expense Input File'!$A$12:$E$43,30,FALSE)),(HLOOKUP($A$2,'Expense Input File'!$A$12:$E$43,31,FALSE)),(HLOOKUP($A$2,'Expense Input File'!$A$12:$E$43,32,FALSE))) -> 52787.094 | E42: =(E39/D39)*D42 -> 767.28275 | F42: =(F39/D39)*D42 -> 33204.059 | G42: =(G39/D39)*D42 -> 4298.9873 | H42: =(H39/D39)*D42 -> 594.44856 | I42: =(I39/D39)*D42 -> 185.79736 | J42: =(J39/D39)*D42 -> 114.61514 | K42: =(K39/D39)*D42 -> 13621.904
A43: SYSTEM ENGINEERING | D43: =HLOOKUP($A$2,'Expense Input File'!$A$2:$E$10,3,FALSE) -> 57717.508 | E43: =(E39/D39)*(D43-(HLOOKUP($A$2,'Expense Input File'!$A$2:$E$10,9,FALSE))) -> 750.11796 | F43: =(F39/D39)*(D43-(HLOOKUP($A$2,'Expense Input File'!$A$2:$E$10,9,FALSE))) -> 32461.255 | G43: =(G39/D39)*(D43-(HLOOKUP($A$2,'Expense Input File'!$A$2:$E$10,9,FALSE))) -> 4202.8152 | H43: =(H39/D39)*(D43-(HLOOKUP($A$2,'Expense Input File'!$A$2:$E$10,9,FALSE))) -> 581.15022 | I43: =(I39/D39)*(D43-(HLOOKUP($A$2,'Expense Input File'!$A$2:$E$10,9,FALSE))) -> 181.64091 | J43: =(J39/D39)*(D43-(HLOOKUP($A$2,'Expense Input File'!$A$2:$E$10,9,FALSE))) -> 112.05109 | K43: =((K39/D39)*(D43-(HLOOKUP($A$2,'Expense Input File'!$A$2:$E$10,9,FALSE))))+(HLOOKUP($A$2,'Expense Input File'!$A$2:$E$10,9,FALSE)) -> 19428.478
A44: CORPORATE/OTHER | D44: =SUM((HLOOKUP($A$2,'Expense Input File'!$A$2:$E$10,7,FALSE)),(HLOOKUP($A$2,'Expense Input File'!$A$2:$E$10,8,FALSE))) -> 87067.833 | E44: =(E39/D39)*D44 -> 1265.5678 | F44: =(F39/D39)*D44 -> 54767.278 | G44: =(G39/D39)*D44 -> 7090.8149 | H44: =(H39/D39)*D44 -> 980.49247 | I44: =(I39/D39)*D44 -> 306.45698 | J44: =(J39/D39)*D44 -> 189.04794 | K44: =(K39/D39)*D44 -> 22468.175
A45: OVERHEAD SUB-TOTAL | D45: =SUM(D41:D44) -> 213949.07 | E45: =SUM(E41:E44) -> 3021.0098 | F45: =SUM(F41:F44) -> 130733.8 | G45: =SUM(G41:G44) -> 16926.333 | H45: =SUM(H41:H44) -> 2340.5126 | I45: =SUM(I41:I44) -> 731.53691 | J45: =SUM(J41:J44) -> 451.2723 | K45: =SUM(K41:K44) -> 59744.607
A46: TOTAL O&M | D46: =D45+D39 -> 490917.73 | E46: =E45+E39 -> 7046.8665 | F46: =F45+F39 -> 304952.21 | G46: =G45+G39 -> 39482.694 | H46: =H45+H39 -> 5459.5254 | I46: =I45+I39 -> 1706.3973 | J46: =J45+J39 -> 1052.6466 | K46: =K45+K39 -> 131217.39
A47: ANCILLARY SERVICES
A48: BBL -PAYMENTS TO POWER SERVICES
A49: CORPS/BUREAU TRANSMISSION | D49: =(HLOOKUP($A$2,'Expense Input File'!$A$12:$E$65,37,FALSE)) -> 8867 | F49: 8675.2964 | I49: 191.70364
A50: GEN DROPPING | D50: =(HLOOKUP($A$2,'Expense Input File'!$A$12:$E$65,38,FALSE)) -> 589.232 | G50: =D50 -> 589.232
A51: REDISPATCH | D51: =(HLOOKUP($A$2,'Expense Input File'!$A$12:$E$65,41,FALSE)) -> 225 | F51: =D51 -> 225
A52: SYNCHRONOUS CONDENSERS | D52: =(HLOOKUP($A$2,'Expense Input File'!$A$12:$E$65,39,FALSE)) -> 1272.635 | F52: 801.60427 | G52: 471.03073
A53: STATION SERVICE | D53: =HLOOKUP($A$2,'Expense Input File'!$A$12:$E$66,42,FALSE) -> 1996.009 | E53: =(E28/D28)*D53 -> 48.273574 | F53: =(F28/D28)*D53 -> 1640.9087 | G53: =(G28/D28)*D53 -> 274.80022 | H53: =(H28/D28)*D53 -> 10.139122 | I53: =(I28/D28)*D53 -> 13.480636 | J53: =(J28/D28)*D53 -> 8.4067443
A54: GENERATION INPUTS | D54: =K54 -> 88569.485 | K54: =HLOOKUP($A$2,'Expense Input File'!$A$12:$E$65,35,FALSE) -> 88569.485
A55: BBL- SUBTOTAL | D55: =SUM(D49:D54) -> 101519.36 | E55: =SUM(E49:E54) -> 48.273574 | F55: =SUM(F49:F54) -> 11342.809 | G55: =SUM(G49:G54) -> 1335.0629 | H55: =SUM(H49:H54) -> 10.139122 | I55: =SUM(I49:I54) -> 205.18427 | J55: =SUM(J49:J54) -> 8.4067443 | K55: =SUM(K49:K54) -> 88569.485
A56: NON-BBL - PAYMENTS TO OTHERS
A57: NON BBL ANCILLARY SERVICES (NBBL) | D57: =SUM(E57:K57) -> 96.72 | E57: =(HLOOKUP($A$2,'Expense Input File'!$A$45:$E$67,22,FALSE))*E5 -> 1.3537072 | F57: =(HLOOKUP($A$2,'Expense Input File'!$A$45:$E$67,22,FALSE))*F5 -> 78.969021 | G57: =(HLOOKUP($A$2,'Expense Input File'!$A$45:$E$67,22,FALSE))*G5 -> 11.850031 | H57: =(HLOOKUP($A$2,'Expense Input File'!$A$45:$E$67,22,FALSE))*H5 -> 1.3897258 | I57: =(HLOOKUP($A$2,'Expense Input File'!$A$45:$E$67,22,FALSE))*I5 -> 0.16940968 | J57: =(HLOOKUP($A$2,'Expense Input File'!$A$45:$E$67,22,FALSE))*J5 -> 0.10295261 | K57: =((HLOOKUP($A$2,'Expense Input File'!$A$45:$E$67,22,FALSE))*K5)+(HLOOKUP($A$2,'Expense Input File'!$A$45:$E$67,23,FALSE)) -> 2.8851524
A58: LEASED FACILITIES (NBBL) | D58: =HLOOKUP($A$2,'Expense Input File'!$A$12:$E$65,46,FALSE) -> 5179.061 | F58: =D58 -> 5179.061
A59: SETTLEMENT AGREEMENTS (NBBL) | D59: =HLOOKUP($A$2,'Expense Input File'!$A$12:$E$65,47,FALSE) -> 0 | E59: =(E39/D39)*D59 -> 0 | F59: =(F39/D39)*D59 -> 0 | G59: =(G39/D39)*D59 -> 0 | H59: =(H39/D39)*D59 -> 0 | I59: =(I39/D39)*D59 -> 0 | J59: =(J39/D39)*D59 -> 0 | K59: =(K39/D39)*D59 -> 0
A60: TRANSMISSION RENEWABLES (NBBL) | D60: =HLOOKUP($A$2,'Expense Input File'!$A$12:$E$65,48,FALSE) -> 5187.793 | K60: =D60 -> 5187.793
A61: NON-BBL- SUBTOTAL | D61: =SUM(D57:D60) -> 10463.574 | E61: =SUM(E57:E60) -> 1.3537072 | F61: =SUM(F57:F60) -> 5258.03 | G61: =SUM(G57:G60) -> 11.850031 | H61: =SUM(H57:H60) -> 1.3897258 | I61: =SUM(I57:I60) -> 0.16940968 | J61: =SUM(J57:J60) -> 0.10295261 | K61: =SUM(K57:K60) -> 5190.6782
A62: TOTAL TRANS ACQ AND ANCILLARY | D62: =SUM(E62:K62) -> 111982.94 | E62: =E61+E55 -> 49.627281 | F62: =F61+F55 -> 16600.839 | G62: =G61+G55 -> 1346.913 | H62: =H61+H55 -> 11.528848 | I62: =I61+I55 -> 205.35368 | J62: =J61+J55 -> 8.5096969 | K62: =K61+K55 -> 93760.163

Sheet Current Rev Req
A1: TRANSMISSION CURRENT REVENUE TEST
A2: INCOME STATEMENT
A3: ($ thousands)
E5: A | F5: B
E6: FY 2018 | F6: FY 2019
A8: 1 | B8: REVENUES FROM CURRENT RATES | E8: 1059062 | F8: 1067126.3
A10: 2 | B10: OPERATING EXPENSES
A11: 3 | C11: TRANSMISSION OPERATIONS | E11: 167050 | F11: 168007.32
A12: 4 | C12: TRANSMISSION ENGINEERING | E12: 56350.643 | F12: 57717.508
A13: 5 | C13: TRANSMISSION MAINTENANCE | E13: 176580.17 | F13: 178125.06
A14: 6 | C14: TRANSMISSION ACQUISITION & ANCILLARY SERVICES | E14: 119460.12 | F14: 111982.94
A15: 7 | C15: BPA INTERNAL SUPPORT | E15: 93939.627 | F15: 95607.17
A16: 8 | C16: OTHER INCOME, EXPENSES & ADJUSTMENTS | E16: -7547.575 | F16: -8539.337
A17: 9 | C17: DEPRECIATION & AMORTIZATION | E17: 273163.92 | F17: 284421.97
A18: 10 | B18: TOTAL OPERATING EXPENSES | E18: =SUM(E11:E17) -> 878996.91 | F18: =SUM(F11:F17) -> 887322.63
A20: 11 | B20: INTEREST EXPENSE
A21: 12 | C21: INTEREST EXPENSE
A22: 13 | D22: FEDERAL APPROPRIATIONS | E22: 1658.904 | F22: 1517.891
A23: 14 | D23: CAPITALIZATION ADJUSTMENT | E23: -18968 | F23: -18968
A24: 15 | D24: ON LONG-TERM DEBT | E24: 100998.95 | F24: 106597.24
A25: 16 | D25: AMORTIZATION OF CAPITALIZED BOND PREMIUMS | E25: 561 | F25: 561
A26: 17 | D26: DEBT SERVICE REASSIGNMENT INTEREST | E26: 13964.23 | F26: 5110.846
A27: 18 | D27: NON-FEDERAL INTEREST | E27: 77155.657 | F27: 97552.262
A28: 17 | D28: PREMIUMS/DISCOUNTS | E28: 0 | F28: 555.708
A29: 19 | C29: AFUDC | E29: -24732.825 | F29: -24819.317
A30: 20 | C30: INTEREST INCOME | E30: -2460.8161 | F30: -4128.6661
A31: 21 | B31: NET INTEREST EXPENSE | E31: =SUM(E22:E30) -> 148177.1 | F31: =SUM(F22:F30) -> 163978.97
A33: 22 | B33: TOTAL EXPENSES | E33: =SUM(E31,E18) -> 1027174 | F33: =SUM(F31,F18) -> 1051301.6
A35: 23 | B35: NET REVENUES | E35: =E8-E33 -> 31887.982 | F35: =F8-F33 -> 15824.724
A37: TRANSMISSION CURRENT REVENUE TEST
A38: STATEMENT OF CASH FLOWS
A39: ($ thousands)
E41: A | F41: B
E42: FY 2018 | F42: FY 2019
A44: 1 | B44: CASH FROM CURRENT OPERATIONS:
A45: 2 | C45: NET REVENUES | E45: =E35 -> 31887.982 | F45: =F35 -> 15824.724
A46: 3 | C46: DRAWDOWN OF CASH RESERVES FOR CAPITAL FUNDING | E46: 15000 | F46: 15000
A47: 4 | C47: EXPENSES NOT REQUIRING CASH:
A48: =A47+1 -> 5 | D48: DEPRECIATION & AMORTIZATION | E48: 273163.92 | F48: 284421.97
A49: =A48+1 -> 6 | D49: TRANSMISSION CREDIT PROJECTS NET INTEREST | E49: 4324.6131 | F49: 4110.7669
A50: =A49+1 -> 7 | D50: AMORTIZATION OF CAPITALIZED BOND PREMIUMS | E50: 561 | F50: 561
A51: =A50+1 -> 8 | D51: CAPITALIZATION ADJUSTMENT | E51: -18968 | F51: -18968
A52: =A51+1 -> 9 | C52: NON-CASH REVENUES/ACCRUAL REVENUES
A53: =A52+1 -> 10 | D53: LGIA | E53: -17256.411 | F53: -14766.86
A54: =A53+1 -> 11 | D54: AC INTERTIE CO/FIBER | E54: -9168.3647 | F54: -3387.1427
A55: =A54+1 -> 12 | B55: CASH PROVIDED BY CURRENT OPERATIONS | E55: =SUM(E45:E54) -> 279544.74 | F55: =SUM(F45:F54) -> 282796.45
A57: 13 | B57: CASH USED FOR CAPITAL INVESTMENTS:
A58: 14 | C58: INVESTMENT IN:
A59: 15 | D59: UTILITY PLANT | E59: -505808.04 | F59: -521577.32
A60: 16 | B60: CASH USED FOR CAPITAL INVESTMENTS | E60: =SUM(E59) -> -505808.04 | F60: =SUM(F59) -> -521577.32
A62: 17 | B62: CASH FROM TREASURY BORROWING AND APPROPRIATIONS:
A63: 18 | C63: INCREASE IN LONG-TERM DEBT | E63: 490808.04 | F63: 506577.32
A64: 19 | C64: DEBT SERVICE REASSIGNMENT PRINCIPAL | E64: -191503.62 | F64: -4837.52
A65: 20 | C65: REPAYMENT OF CAPITAL LEASES | E65: -1873.598 | F65: -12466.001
A66: 21 | C66: REPAYMENT OF LONG-TERM DEBT | E66: -45950 | F66: -213963.24
A67: 22 | C67: REPAYMENT OF CAPITAL APPROPRIATIONS | E67: -1955.794 | F67: -21052.574
A68: 23 | B68: CASH FROM TREASURY BORROWING AND APPROPRIATIONS | E68: =SUM(E63:E67) -> 249525.03 | F68: =SUM(F63:F67) -> 254257.99
A70: 24 | B70: ANNUAL INCREASE (DECREASE) IN CASH | E70: =SUM(E68,E60,E55) -> 23261.727 | F70: =SUM(F68,F60,F55) -> 15477.12
A74: 1/ Line 24 must be greater than or equal to zero, otherwise net revenues
A75: will be added so that there are no negative cash flows for the year.
D78: Cash flow for interest credit calculation | E78: 21695.61 | F78: 13364.648

Sheet Current Interest Income
A1: Interest Income from Projected Cash Balances
A2: Current Revenue Test
A3: BPA Transmission
A4: ($ thousands)
C6: 2013 | E6: 2017 | F6: =E6+1 -> 2018 | G6: =F6+1 -> 2019
A8: ANNUAL CASH SURPLUS/(DEFICIT) | F8: 21695.61 | G8: 13364.648
A9: ADJUSTMENTS TO CASH | E9: -15000 | F9: -15000 | G9: -15000
A10: START OF YEAR CASH BALANCE | E10: 444000 | F10: =E11 -> 402000 | G10: =F11 -> 408695.61
A11: END OF YEAR CASH BALANCE | C11: 459000 | E11: =E12 -> 402000 | F11: =SUM(F8:F10) -> 408695.61 | G11: =SUM(G8:G10) -> 407060.26
A12: QUARTERLY FORECAST - END OF YEAR CASH BALANCE | E12: 402000
A13: AVERAGE CASH BALANCE | C13: =ROUND((C11+C10)*0.5,0) -> 229500 | E13: =ROUND((E10+E11)*0.5,0) -> 423000 | F13: =ROUND((F10+F11)*0.5,0) -> 405348 | G13: =ROUND((G10+G11)*0.5,0) -> 407878
A14: INTEREST INCOME RATE | C14: 0.0152 | E14: 0.00172 | F14: 0.00446 | G14: 0.00663
A15: ANNUAL INTEREST INCOME | E15: =E13*E14 -> 727.56 | F15: =F13*F14 -> 1807.8521 | G15: =G13*G14 -> 2704.2311
A16: REPAYMENT STUDY INTEREST INCOME | E16: 131.019 | F16: 223.274 | G16: 959.235
A18: FUNDS HELD FOR OTHERS
A19: START OF YEAR CASH BALANCE | E19: 73000 | F19: =E20 -> 63000 | G19: =F20 -> 40000
A20: END OF YEAR CASH BALANCE | C20: 120000 | E20: =E21 -> 63000 | F20: 40000 | G20: 40000
A21: QTRLY FORECAST - END OF YEAR CASH BALANCE | E21: 63000
A22: AVERAGE CASH BALANCE | C22: =ROUND((C20+C19)*0.5,0) -> 60000 | E22: =ROUND((E19+E20)*0.5,0) -> 68000 | F22: =ROUND((F19+F20)*0.5,0) -> 51500 | G22: =ROUND((G19+G20)*0.5,0) -> 40000
A23: FHFO ANNUAL INTEREST INCOME | C23: =C22*C14+C24 -> 1112 | E23: =E22*E14 -> 116.96 | F23: =F22*F14 -> 229.69 | G23: =G22*G14 -> 265.2
A24: TRUSTEE INTEREST INCOME ADDER | C24: 200 | E24: 200 | F24: 200 | G24: 200
A26: TOTAL INTEREST INCOME | E26: =E15+E16+E23+E24 -> 1175.539 | F26: =F15+F16+F23+F24 -> 2460.8161 | G26: =G15+G16+G23+G24 -> 4128.6661
B28: credit for end of prior year | E28: =E10*E14 -> 763.68 | F28: =F10*F14 -> 1792.92
B29: in-year cash flow (rep study) | E29: =E16 -> 131.019 | F29: =F16 -> 223.274
B30: total credit for first interation | E30: =SUM(E28:E29) -> 894.699 | F30: =SUM(F28:F29) -> 2016.194

Sheet Rev. Rev. Req.
A1: TRANSMISSION REVISED REVENUE TEST | H1: Revised on August 4, 2017
A2: INCOME STATEMENT | H2: The transmission revenue forecast was changed which necessitated replacement of the revised revenue test tables. Updated version reflects the revenues and associated impacts to the income statement and statement of cash flows.
A3: ($ thousands)
E5: A | F5: B
E6: FY 2018 | F6: FY 2019
A8: 1 | B8: REVENUES FROM PROPOSED RATES | E8: 1040291.5 | F8: 1047723.2
A10: 2 | B10: OPERATING EXPENSES
A11: 3 | C11: TRANSMISSION OPERATIONS | E11: 167050 | F11: 168007.32
A12: 4 | C12: TRANSMISSION ENGINEERING | E12: 56350.643 | F12: 57717.508
A13: 5 | C13: TRANSMISSION MAINTENANCE | E13: 176580.17 | F13: 178125.06
A14: 6 | C14: TRANSMISSION ACQUISITION & ANCILLARY SERVICES | E14: 119460.12 | F14: 111982.94
A15: 7 | C15: BPA INTERNAL SUPPORT | E15: 93939.627 | F15: 95607.17
A16: 8 | C16: OTHER INCOME, EXPENSES & ADJUSTMENTS | E16: -7547.575 | F16: -8539.337
A17: 9 | C17: DEPRECIATION & AMORTIZATION | E17: 273163.92 | F17: 284421.97
A18: 10 | B18: TOTAL OPERATING EXPENSES | E18: =SUM(E11:E17) -> 878996.91 | F18: =SUM(F11:F17) -> 887322.63
A20: 11 | B20: INTEREST EXPENSE
A21: 12 | C21: INTEREST EXPENSE
A22: 13 | D22: FEDERAL APPROPRIATIONS | E22: 1658.904 | F22: 1517.891
A23: 14 | D23: CAPITALIZATION ADJUSTMENT | E23: -18968 | F23: -18968
A24: 15 | D24: ON LONG-TERM DEBT | E24: 100998.95 | F24: 106597.24
A25: 16 | D25: AMORTIZATION OF CAPITALIZED BOND PREMIUMS | E25: 561 | F25: 561
A26: 17 | D26: DEBT SERVICE REASSIGNMENT INTEREST | E26: 13964.23 | F26: 5110.846
A27: 18 | D27: NON-FEDERAL INTEREST | E27: 77155.657 | F27: 97552.262
A28: 19 | D28: PREMIUMS/DISCOUNTS | E28: 0 | F28: 555.708
A29: 19 | C29: AFUDC | E29: -24732.825 | F29: -24819.317
A30: 20 | C30: INTEREST INCOME | E30: -2418.959 | F30: -3939.8968
A31: 21 | B31: NET INTEREST EXPENSE | E31: =SUM(E22:E30) -> 148218.96 | F31: =SUM(F22:F30) -> 164167.74
A33: 22 | B33: TOTAL EXPENSES | E33: =SUM(E31,E18) -> 1027215.9 | F33: =SUM(F31,F18) -> 1051490.4
A35: 23 | B35: NET REVENUES | E35: =E8-E33 -> 13075.629 | F35: =F8-F33 -> -3767.1915
A37: TRANSMISSION REVISED REVENUE TEST
A38: STATEMENT OF CASH FLOWS
A39: ($ thousands)
E41: A | F41: B
E42: FY 2018 | F42: FY 2019
A44: 1 | B44: CASH FROM CURRENT OPERATIONS:
A45: 2 | C45: NET REVENUES | E45: =E35 -> 13075.629 | F45: =F35 -> -3767.1915
A46: 3 | C46: DRAWDOWN OF CASH RESERVES FOR CAPITAL FUNDING | E46: 15000 | F46: 15000
A47: 4 | C47: EXPENSES NOT REQUIRING CASH:
A48: =A47+1 -> 5 | D48: DEPRECIATION & AMORTIZATION | E48: 273163.92 | F48: 284421.97
A49: =A48+1 -> 6 | D49: TRANSMISSION CREDIT PROJECTS NET INTEREST | E49: 4324.6131 | F49: 4110.7669
A50: =A49+1 -> 7 | D50: AMORTIZATION OF CAPITALIZED BOND PREMIUMS | E50: 561 | F50: 561
A51: =A50+1 -> 8 | D51: CAPITALIZATION ADJUSTMENT | E51: -18968 | F51: -18968
A52: =A51+1 -> 9 | C52: NON-CASH REVENUES/ACCRUAL REVENUES
A53: =A52+1 -> 10 | D53: LGIA | E53: -17256.411 | F53: -14766.86
A54: =A53+1 -> 11 | D54: AC INTERTIE CO/FIBER | E54: -9168.3647 | F54: -3387.1427
A55: =A54+1 -> 12 | C55: CASH FLOW ADJUSTMENT (RESERVE)/APPLICATION | E55: -4200 | F55: 4200
A56: 13 | B56: CASH PROVIDED BY CURRENT OPERATIONS | E56: =SUM(E45:E55) -> 256532.38 | F56: =SUM(F45:F55) -> 267404.54
A59: 14 | B59: CASH USED FOR CAPITAL INVESTMENTS:
A60: 15 | C60: INVESTMENT IN:
A61: 16 | D61: UTILITY PLANT | E61: -505808.04 | F61: -521577.32
A62: 17 | B62: CASH USED FOR CAPITAL INVESTMENTS | E62: =SUM(E61) -> -505808.04 | F62: =SUM(F61) -> -521577.32
A64: 18 | B64: CASH FROM TREASURY BORROWING AND APPROPRIATIONS:
A65: 19 | C65: INCREASE IN LONG-TERM DEBT | E65: 490808.04 | F65: 506577.32
A66: 20 | C66: DEBT SERVICE REASSIGNMENT PRINCIPAL | E66: -191503.62 | F66: -4837.52
A67: 21 | C67: REPAYMENT OF CAPITAL LEASES | E67: -1873.598 | F67: -12466.001
A68: 22 | C68: REPAYMENT OF LONG-TERM DEBT | E68: -45950 | F68: -213963.24
A69: 23 | C69: REPAYMENT OF CAPITAL APPROPRIATIONS | E69: -1955.794 | F69: -21052.574
A70: 24 | B70: CASH FROM TREASURY BORROWING AND APPROPRIATIONS | E70: =SUM(E65:E69) -> 249525.03 | F70: =SUM(F65:F69) -> 254257.99
A72: 25 | B72: ANNUAL INCREASE (DECREASE) IN CASH | E72: =E70+E62+E56 -> 249.37325 | F72: =F70+F62+F56 -> 85.204877
A74: 1/ Line 25 must be greater than or equal to zero, otherwise net revenues
A75: will be added so that there are no negative cash flows for the year.
D78: Cash flow for interest credit calculation | E78: 2925.1133 | F78: -6038.4979

Sheet Revised Interest Income
A1: Interest Income from Projected Cash Balances | I1: Revised on August 4, 2017
A2: Revised Revenue Test | I2: The transmission revenue forecast was changed which necessitated replacement of the revised revenue interest income table. Updated version reflects the revenues and associated impacts to interest income.
A3: BPA Transmission
A4: ($ thousands)
C6: 2013 | E6: 2017 | F6: =E6+1 -> 2018 | G6: =F6+1 -> 2019
A8: ANNUAL CASH SURPLUS/(DEFICIT) | F8: 2925.1133 | G8: -6038.4979
A9: ADJUSTMENTS TO CASH | E9: -15000 | F9: -15000 | G9: -15000
A10: START OF YEAR CASH BALANCE | E10: 444000 | F10: =E11 -> 402000 | G10: =F11 -> 389925.11
A11: END OF YEAR CASH BALANCE | C11: 459000 | E11: =E12 -> 402000 | F11: =SUM(F8:F10) -> 389925.11 | G11: =SUM(G8:G10) -> 368886.62
A12: QUARTERLY FORECAST - END OF YEAR CASH BALANCE | E12: 402000
A13: AVERAGE CASH BALANCE | C13: =ROUND((C11+C10)*0.5,0) -> 229500 | E13: =ROUND((E10+E11)*0.5,0) -> 423000 | F13: =ROUND((F10+F11)*0.5,0) -> 395963 | G13: =ROUND((G10+G11)*0.5,0) -> 379406
A14: INTEREST INCOME RATE | C14: 0.0152 | E14: 0.00172 | F14: 0.00446 | G14: 0.00663
A15: ANNUAL INTEREST INCOME | E15: =E13*E14 -> 727.56 | F15: =F13*F14 -> 1765.995 | G15: =G13*G14 -> 2515.4618
A16: REPAYMENT STUDY INTEREST INCOME | E16: 131.019 | F16: 223.274 | G16: 959.235
A18: FUNDS HELD FOR OTHERS
A19: START OF YEAR CASH BALANCE | E19: 73000 | F19: =E20 -> 63000 | G19: =F20 -> 40000
A20: END OF YEAR CASH BALANCE | C20: 120000 | E20: =E21 -> 63000 | F20: 40000 | G20: 40000
A21: QTRLY FORECAST - END OF YEAR CASH BALANCE | E21: 63000
A22: AVERAGE CASH BALANCE | C22: =ROUND((C20+C19)*0.5,0) -> 60000 | E22: =ROUND((E19+E20)*0.5,0) -> 68000 | F22: =ROUND((F19+F20)*0.5,0) -> 51500 | G22: =ROUND((G19+G20)*0.5,0) -> 40000
A23: FHFO ANNUAL INTEREST INCOME | C23: =C22*C14+C24 -> 1112 | E23: =E22*E14 -> 116.96 | F23: =F22*F14 -> 229.69 | G23: =G22*G14 -> 265.2
A24: TRUSTEE INTEREST INCOME ADDER | C24: 200 | E24: 200 | F24: 200 | G24: 200
A26: TOTAL INTEREST INCOME | E26: =E15+E16+E23+E24 -> 1175.539 | F26: =F15+F16+F23+F24 -> 2418.959 | G26: =G15+G16+G23+G24 -> 3939.8968
B28: credit for end of prior year | E28: =E10*E14 -> 763.68 | F28: =F10*F14 -> 1792.92
B29: in-year cash flow (rep study) | E29: =E16 -> 131.019 | F29: =F16 -> 223.274
B30: total credit for first interation | E30: =SUM(E28:E29) -> 894.699 | F30: =SUM(F28:F29) -> 2016.194
